Workbook

Sheet DADOS
E1: A. DOCUMENTAÇÃO DA PROPOSTA | L1: Sub-Itens de Investimento
J2: Itens de Investimento | K2: Unidades habitacionais | L2: =COUNTA(K:K)-1 -> 3 | M2: Equipamentos comunitários | N2: =COUNTA(M:M)-1 -> 6 | O2: Pavimentação | P2: =COUNTA(O:O)-1 -> 6 | Q2: Drenagem | R2: =COUNTA(Q:Q)-1 -> 6 | S2: Abastecimento de água | T2: =COUNTA(S:S)-1 -> 11 | U2: Esgotamento sanitário | V2: =COUNTA(U:U)-1 -> 8 | W2: Energia elétrica e iluminação pública | X2: =COUNTA(W:W)-1 -> 4 | Y2: Coleta e tratamento de resíduos sólidos | Z2: =COUNTA(Y:Y)-1 -> 6 | AA2: Contenção e estabilização de encostas | AB2: =COUNTA(AA:AA)-1 -> 2 | AC2: Regularização fundiária | AD2: =COUNTA(AC:AC)-1 -> 2 | AE2: Aquisição de terreno | AF2: =COUNTA(AE:AE)-1 -> 2 | AG2: Aquisição de equipamentos e insumos | AH2: =COUNTA(AG:AG)-1 -> 1 | AI2: Elaboração de estudos e projetos | AJ2: =COUNTA(AI:AI)-1 -> 1 | AK2: Instrumentos e ações em planejamento e gestão pública | AL2: =COUNTA(AK:AK)-1 -> 1 | AM2: Ações complementares às obras | AN2: =COUNTA(AM:AM)-1 -> 3 | AO2: Gerenciamento | AP2: =COUNTA(AO:AO)-1 -> 1 | AQ2: Trabalho social | AR2: =COUNTA(AQ:AQ)-1 -> 4
E3: Dados do Contrato (Inicial) | J3: Unidades habitacionais | K3: Aquisição | L3: un | M3: Convivência comunitária, assistência social e/ou comunitária | N3: m² | O3: Capeamento de vias | P3: m² | Q3: Obras de microdrenagem | R3: m | S3: Captação subterrânea | T3: m³/s | U3: Ligações domiciliares e/ou intradomiciliares | V3: un | W3: Iluminação pública - luminárias | X3: un | Y3: Acondicionamento | Z3: un | AA3: Estabilização de taludes | AB3: m² | AC3: Desapropriacões/Indenizações | AD3: m² | AE3: Aquisição de terreno | AF3: m² | AG3: Aquisição de equipamentos e insumos | AH3: un | AI3: Elaboração de estudos e projetos | AJ3: un | AK3: Instrumentos e ações em planejamento e gestão pública | AL3: un | AM3: Avaliação pós intervenção | AN3: un | AO3: Gerenciamento | AP3: %CT | AQ3: Projeto de Trabalho Social Preliminar | AR3: nº fam
E4: Fonte de recursos: | F4: OGU | J4: Equipamentos comunitários | K4: Construção | L4: un | M4: Educação e cultura | N4: m² | O4: Recapeamento de vias | P4: m² | Q4: Desassoreamento de cursos de água | R4: m | S4: Captação superficial | T4: m³/s | U4: Rede coletora e/ou condominial | V4: m | W4: Ligações domiciliares | X4: un | Y4: Aterro sanitário e/ou disposição final | Z4: m³ | AA4: Obras complementares a ações de redução de risco e/ou contenções | AB4: m² | AC4: Projeto de Regularização Fundiária | AD4: m² | AE4: Benfeitorias | AF4: m² | AM4: Demolições | AN4: un | AQ4: Projeto de Trabalho Social | AR4: nº fam
E5: Proponente/Tomador: | F5: CÂMARA MUNICIPAL DE OURO FINO - MG | J5: Pavimentação | K5: Reforma e/ou melhoria | L5: un | M5: Esportes | N5: m² | O5: Obras de artes especiais | P5: m | Q5: Canalização de cursos de água | R5: m | S5: Estação de bombeamento de água bruta | T5: m³/s | U5: Coletor tronco e/ou interceptores | V5: m | W5: Linhas de distribuição - baixa tensão | X5: m | Y5: Erradicação de lixões | Z5: m³ | AM5: Plano de Reassentamento e medidas compensatórias | AN5: un | AQ5: Plano de Desenvolvimento Socioterritorial | AR5: nº fam
E6: Município/UF: | F6: Ouro Fino, MG | J6: Drenagem | M6: Lazer e turismo | N6: m² | O6: Pavimentação de calçadas | P6: m² | Q6: Recomposição de vegetação ciliar, renaturalização de cursos de água ou restauração de margens | R6: m² | S6: Adução | T6: m | U6: Emissário | V6: m | W6: Linhas de transmissão - alta tensão | X6: m | Y6: Sistema de coleta seletiva tradicional, transporte e/ou equipamentos | Z6: un | AQ6: Plano de Gestão Condominial | AR6: nº fam
E7: Nº da Operação (0000000-00): | J7: Abastecimento de água | M7: Saúde | N7: m² | O7: Pavimentação de vias | P7: m² | Q7: Reservatório de amortecimento de cheias | R7: m³ | S7: Estação de Tratamento de Água (ETA) | T7: m³/s | U7: Estação Elevatória | V7: m³/s | Y7: Tratamento local | Z7: un
E8: Nº do SICONV (000000): | J8: Esgotamento sanitário | M8: Segurança pública | N8: m² | O8: Sinalização | P8: m² | Q8: Estação de Bombeamento | R8: m³/s | S8: Estação de bombeamento de água tratada | T8: m³/s | U8: Estação de Tratamento de Esgoto (ETE) | V8: m³/s | Y8: Usinas de reciclagem | Z8: m²
E9: =IF(F4="FGTS","Valor de Financiamento Contratado (R$):","Valor do Repasse Contratado (R$):") -> Valor do Repasse Contratado (R$): | J9: Energia elétrica e iluminação pública | S9: Linha de recalque | T9: m | U9: Sistema simplificado de tratamento | V9: m³/s
E10: Valor de Contrapartida Contratada (R$): | J10: Coleta e tratamento de resíduos sólidos | S10: Reservação | T10: m³ | U10: Unidades sanitárias | V10: un
E11: % mínimo de Contrapartida: | J11: Contenção e estabilização de encostas | S11: Rede de distribuição | T11: m
E12: R$ mínimo de Contrapartida (se houver): | J12: Regularização fundiária | S12: Ligações domiciliares e/ou intradomiciliares | T12: un
E13: % máximo de Contrapartida: | J13: Aquisição de terreno | S13: Sistema simplificado de abastecimento | T13: m
J14: Aquisição de equipamentos e insumos
E15: Dados do Empreendimento e Orçamento | J15: Elaboração de estudos e projetos
E16: Nome/apelido: | F16: REFORMA DA CAMARA MUNICIPAL DE OURO FINO - MG | J16: Instrumentos e ações em planejamento e gestão pública
E17: Descrição do Objeto do Lote / CTEF: | F17: REFORMA DA CAMARA MUNICIPAL DE OURO FINO - MG | J17: Ações complementares às obras
E18: Regime previdenciário previsto para a obra: | F18: NÃO DESONERADO | J18: Gerenciamento
E19: Data base do Orçamento: | F19: 45809 | J19: Trabalho social
E21: Responsável pelo Orçamento
E22: Nome: | F22: Aline Parizatto Brombrim
E23: CREA/CAU: | F23: Arquiteta
E24: ART/RRT: | F24: SI16391083l00CT001
E25: Data do preenchimento: | F25: 46245
E27: Responsável pelo Tomador (Prefeito, no caso de Municípios)
E28: Nome: | F28: Clóvis Coldibeli
E29: Cargo: | F29: Presidente da Câmara
E30: CNPJ: | F30: 25.652.371/0001-89
E32: B. RESULTADO DO PROCESSO LICITATÓRIO
E34: Licitação
E35: Data de emissão dos documentos de licitação:
E36: Nº do CTEF (contrato com empresa):
E37: Nome da empresa:
E38: CNPJ da empresa:
E39: Regime de execução do CTEF: | F39: INDEFINIDO / NÃO SE APLICA
E40: Data base do CTEF:
E43: C. ACOMPANHAMENTO DO EMPREENDIMENTO
E45: Dados da obra
E46: Data do Início da Obra:
E47: Data de fechamento do RRE:
E49: Responsável pela Fiscalização
E50: Nome:
E51: Profissão:
E52: CREA/CAU (para obras/projetos):
E53: ART/RRT (para obras/projetos):
E56: D. ACOMPANHAMENTO CAIXA
E58: Responsável Gerencial
... E60: Função:

Sheet BDI
E1: MIN | F1: MED | G1: MAX | L1: =DADOS!F5 -> CÂMARA MUNICIPAL DE OURO FINO - MG
A2: Construção e Reforma de Edifícios | B2: AC | C2: =CONCATENATE(A2,"-",B2) -> Construção e Reforma de Edifícios-AC | E2: 0.03 | F2: 0.04 | G2: 0.055
A5: =A2 -> Construção e Reforma de Edifícios | B5: SG | C5: =CONCATENATE(A5,"-",B5) -> Construção e Reforma de Edifícios-SG | E5: 0.008 | F5: 0.008 | G5: 0.01
A6: =A5 -> Construção e Reforma de Edifícios | B6: R | C6: =CONCATENATE(A6,"-",B6) -> Construção e Reforma de Edifícios-R | E6: 0.0097 | F6: 0.0127 | G6: 0.0127 | L6: ="Quadro de Composição do BDI" -> Quadro de Composição do BDI | N6: PROPONENTE / TOMADOR
A7: =A6 -> Construção e Reforma de Edifícios | B7: DF | C7: =CONCATENATE(A7,"-",B7) -> Construção e Reforma de Edifícios-DF | E7: 0.0059 | F7: 0.0123 | G7: 0.0139 | N7: =Import.Proponente -> CÂMARA MUNICIPAL DE OURO FINO - MG
A8: =A7 -> Construção e Reforma de Edifícios | B8: L | C8: =CONCATENATE(A8,"-",B8) -> Construção e Reforma de Edifícios-L | E8: 0.0616 | F8: 0.074 | G8: 0.0896 | I8: FILTRO
A9: =A8 -> Construção e Reforma de Edifícios | B9: BDI PAD | C9: =CONCATENATE(A9,"-",B9) -> Construção e Reforma de Edifícios-BDI PAD | E9: 0.2034 | F9: 0.2212 | G9: 0.25 | J9: APELIDO DO EMPREENDIMENTO
A10: Construção de Praças Urbanas, Rodovias, Ferrovias e recapeamento e pavimentação de vias urbanas | B10: AC | C10: =CONCATENATE(A10,"-",B10) -> Construção de Praças Urbanas, Rodovias, Ferrovias e recapeamento e pavimentação de vias urbanas-AC | E10: 0.038 | F10: 0.0401 | G10: 0.0467 | J10: =Import.Apelido -> REFORMA DA CAMARA MUNICIPAL DE OURO FINO - MG
A11: Construção de Praças Urbanas, Rodovias, Ferrovias e recapeamento e pavimentação de vias urbanas | B11: SG | C11: =CONCATENATE(A11,"-",B11) -> Construção de Praças Urbanas, Rodovias, Ferrovias e recapeamento e pavimentação de vias urbanas-SG | E11: 0.0032 | F11: 0.004 | G11: 0.0074
A12: Construção de Praças Urbanas, Rodovias, Ferrovias e recapeamento e pavimentação de vias urbanas | B12: R | C12: =CONCATENATE(A12,"-",B12) -> Construção de Praças Urbanas, Rodovias, Ferrovias e recapeamento e pavimentação de vias urbanas-R | E12: 0.005 | F12: 0.0056 | G12: 0.0097 | J12: Conforme legislação tributária municipal, definir estimativa de percentual da base de cálculo para o ISS: | R12: 0.5
A13: Construção de Praças Urbanas, Rodovias, Ferrovias e recapeamento e pavimentação de vias urbanas | B13: DF | C13: =CONCATENATE(A13,"-",B13) -> Construção de Praças Urbanas, Rodovias, Ferrovias e recapeamento e pavimentação de vias urbanas-DF | E13: 0.0102 | F13: 0.0111 | G13: 0.0121 | I13: ↓ | J13: Sobre a base de cálculo, definir a respectiva alíquota do ISS (entre 2% e 5%): | R13: 0.05
A14: Construção de Praças Urbanas, Rodovias, Ferrovias e recapeamento e pavimentação de vias urbanas | B14: L | C14: =CONCATENATE(A14,"-",B14) -> Construção de Praças Urbanas, Rodovias, Ferrovias e recapeamento e pavimentação de vias urbanas-L | E14: 0.0664 | F14: 0.073 | G14: 0.0869 | I14: F
A15: Construção de Praças Urbanas, Rodovias, Ferrovias e recapeamento e pavimentação de vias urbanas | B15: BDI PAD | C15: =CONCATENATE(A15,"-",B15) -> Construção de Praças Urbanas, Rodovias, Ferrovias e recapeamento e pavimentação de vias urbanas-BDI PAD | E15: 0.196 | F15: 0.2097 | G15: 0.2423 | I15: F
A16: Construção de Redes de Abastecimento de Água, Coleta de Esgoto | B16: AC | C16: =CONCATENATE(A16,"-",B16) -> Construção de Redes de Abastecimento de Água, Coleta de Esgoto-AC | E16: 0.0343 | F16: 0.0493 | G16: 0.0671 | I16: F | J16: BDI 1
A17: =A16 -> Construção de Redes de Abastecimento de Água, Coleta de Esgoto | B17: SG | C17: =CONCATENATE(A17,"-",B17) -> Construção de Redes de Abastecimento de Água, Coleta de Esgoto-SG | E17: 0.0028 | F17: 0.0049 | G17: 0.0075 | I17: F
A18: =A17 -> Construção de Redes de Abastecimento de Água, Coleta de Esgoto | B18: R | C18: =CONCATENATE(A18,"-",B18) -> Construção de Redes de Abastecimento de Água, Coleta de Esgoto-R | E18: 0.01 | F18: 0.0139 | G18: 0.0174 | I18: F | J18: TIPO DE OBRA
A19: =A18 -> Construção de Redes de Abastecimento de Água, Coleta de Esgoto | B19: DF | C19: =CONCATENATE(A19,"-",B19) -> Construção de Redes de Abastecimento de Água, Coleta de Esgoto-DF | E19: 0.0094 | F19: 0.0099 | G19: 0.0117 | I19: F | J19: Construção e Reforma de Edifícios
A20: =A19 -> Construção de Redes de Abastecimento de Água, Coleta de Esgoto | B20: L | C20: =CONCATENATE(A20,"-",B20) -> Construção de Redes de Abastecimento de Água, Coleta de Esgoto-L | E20: 0.0674 | F20: 0.0804 | G20: 0.094 | I20: F
A21: =A20 -> Construção de Redes de Abastecimento de Água, Coleta de Esgoto | B21: BDI PAD | C21: =CONCATENATE(A21,"-",B21) -> Construção de Redes de Abastecimento de Água, Coleta de Esgoto-BDI PAD | E21: 0.2076 | F21: 0.2418 | G21: 0.2644 | I21: F | J21: Itens | R21: Siglas | U21: Situação | X21: 1º Quartil | Y21: Médio | Z21: 3º Quartil
A22: Construção e Manutenção de Estações e Redes de Distribuição de Energia Elétrica | B22: AC | C22: =CONCATENATE(A22,"-",B22) -> Construção e Manutenção de Estações e Redes de Distribuição de Energia Elétrica-AC | E22: 0.0529 | F22: 0.0592 | G22: 0.0793 | I22: F
A23: =A22 -> Construção e Manutenção de Estações e Redes de Distribuição de Energia Elétrica | B23: SG | C23: =CONCATENATE(A23,"-",B23) -> Construção e Manutenção de Estações e Redes de Distribuição de Energia Elétrica-SG | E23: 0.0025 | F23: 0.0051 | G23: 0.0056 | I23: F | J23: =IF($J$19=$A$146,"Encargos Sociais incidentes sobre a mão de obra","Administração Central") -> Administração Central | R23: =IF($J19=$A$146,"K1","AC") -> AC | S23: 0.05 | U23: - | X23: =VLOOKUP(CONCATENATE(J19,"-",R23),$C$2:$G$138,3,FALSE) -> 0.03 | Y23: =VLOOKUP(CONCATENATE(J19,"-",R23),$C$2:$G$138,4,FALSE) -> 0.04 | Z23: =VLOOKUP(CONCATENATE(J19,"-",R23),$C$2:$G$138,5,FALSE) -> 0.055
A24: =A23 -> Construção e Manutenção de Estações e Redes de Distribuição de Energia Elétrica | B24: R | C24: =CONCATENATE(A24,"-",B24) -> Construção e Manutenção de Estações e Redes de Distribuição de Energia Elétrica-R | E24: 0.01 | F24: 0.0148 | G24: 0.0197 | I24: F | J24: =IF($J$19=$A$146,"Administração Central da empresa ou consultoria - overhead","Seguro e Garantia") -> Seguro e Garantia | R24: =IF($J19=$A$146,"K2","SG") -> SG | S24: 0.01 | U24: - | X24: =VLOOKUP(CONCATENATE(J19,"-",R24),$C$2:$G$138,3,FALSE) -> 0.008 | Y24: =VLOOKUP(CONCATENATE(J19,"-",R24),$C$2:$G$138,4,FALSE) -> 0.008 | Z24: =VLOOKUP(CONCATENATE(J19,"-",R24),$C$2:$G$138,5,FALSE) -> 0.01
A25: =A24 -> Construção e Manutenção de Estações e Redes de Distribuição de Energia Elétrica | B25: DF | C25: =CONCATENATE(A25,"-",B25) -> Construção e Manutenção de Estações e Redes de Distribuição de Energia Elétrica-DF | E25: 0.0101 | F25: 0.0107 | G25: 0.0111 | I25: F | J25: =IF($J$19=$A$146,"","Risco") -> Risco | R25: =IF($J19=$A$146,"","R") -> R | S25: 0.0127 | U25: - | X25: =VLOOKUP(CONCATENATE(J19,"-",R25),$C$2:$G$138,3,FALSE) -> 0.0097 | Y25: =VLOOKUP(CONCATENATE(J19,"-",R25),$C$2:$G$138,4,FALSE) -> 0.0127 | Z25: =VLOOKUP(CONCATENATE(J19,"-",R25),$C$2:$G$138,5,FALSE) -> 0.0127
A26: =A25 -> Construção e Manutenção de Estações e Redes de Distribuição de Energia Elétrica | B26: L | C26: =CONCATENATE(A26,"-",B26) -> Construção e Manutenção de Estações e Redes de Distribuição de Energia Elétrica-L | E26: 0.08 | F26: 0.0831 | G26: 0.0951 | I26: F | J26: =IF($J$19=$A$146,"","Despesas Financeiras") -> Despesas Financeiras | R26: =IF($J19=$A$146,"","DF") -> DF | S26: 0.0126 | U26: - | X26: =VLOOKUP(CONCATENATE(J19,"-",R26),$C$2:$G$138,3,FALSE) -> 0.0059 | Y26: =VLOOKUP(CONCATENATE(J19,"-",R26),$C$2:$G$138,4,FALSE) -> 0.0123 | Z26: =VLOOKUP(CONCATENATE(J19,"-",R26),$C$2:$G$138,5,FALSE) -> 0.0139
A27: =A26 -> Construção e Manutenção de Estações e Redes de Distribuição de Energia Elétrica | B27: BDI PAD | C27: =CONCATENATE(A27,"-",B27) -> Construção e Manutenção de Estações e Redes de Distribuição de Energia Elétrica-BDI PAD | E27: 0.24 | F27: 0.2584 | G27: 0.2786 | I27: F | J27: =IF($J$19=$A$146,"Margem bruta da empresa de consultoria","Lucro") -> Lucro | R27: =IF($J19=$A$146,"K3","L") -> L | S27: 0.08 | U27: - | X27: =VLOOKUP(CONCATENATE(J19,"-",R27),$C$2:$G$138,3,FALSE) -> 0.0616 | Y27: =VLOOKUP(CONCATENATE(J19,"-",R27),$C$2:$G$138,4,FALSE) -> 0.074 | Z27: =VLOOKUP(CONCATENATE(J19,"-",R27),$C$2:$G$138,5,FALSE) -> 0.0896
A28: Obras Portuárias, Marítimas e Fluviais | B28: AC | C28: =CONCATENATE(A28,"-",B28) -> Obras Portuárias, Marítimas e Fluviais-AC | E28: 0.04 | F28: 0.0552 | G28: 0.0785 | I28: F | J28: Tributos (impostos COFINS 3%, e PIS 0,65%) | R28: CP | S28: 0.0365 | U28: - | X28: 0.0365 | Y28: 0.0365 | Z28: 0.0365
A29: =A28 -> Obras Portuárias, Marítimas e Fluviais | B29: SG | C29: =CONCATENATE(A29,"-",B29) -> Obras Portuárias, Marítimas e Fluviais-SG | E29: 0.0081 | F29: 0.0122 | G29: 0.0199 | I29: F | J29: Tributos (ISS, variável de acordo com o município) | R29: ISS | S29: =IF(AND($J19<>$A$145,COUNTA(OFFSET(S22,1,0,6))>0),$R$13*$R$12,0) -> 0.025 | U29: - | X29: 0 | Y29: 0.025 | Z29: 0.05
A30: =A29 -> Obras Portuárias, Marítimas e Fluviais | B30: R | C30: =CONCATENATE(A30,"-",B30) -> Obras Portuárias, Marítimas e Fluviais-R | E30: 0.0146 | F30: 0.0232 | G30: 0.0316 | I30: F | J30: Tributos (Contribuição Previdenciária sobre a Receita Bruta - 0% ou 4,5% - Desoneração) | R30: CPRB | S30: =IF(BDI.Opcao<>"Desonerado",0,IF(AND($J19<>$A$145,COUNTA(OFFSET(S22,1,0,6))>0),4.5%,0%)) -> 0 | U30: - | X30: 0 | Y30: 0.045 | Z30: 0.045
A31: =A30 -> Obras Portuárias, Marítimas e Fluviais | B31: DF | C31: =CONCATENATE(A31,"-",B31) -> Obras Portuárias, Marítimas e Fluviais-DF | E31: 0.0094 | F31: 0.0102 | G31: 0.0133 | I31: F | J31: BDI SEM desoneração (Fórmula Acórdão TCU) | R31: BDI PAD | S31: =IF($J19=$A$145,0,ROUND((((1+S23+S24+S25)*(1+S26)*(1+S27)/(1-(S28+S29)))-1),4)) -> 0.25 | U31: =IF(OR($J$19=$A$146,$J$19=$A$145,AND(S31>=X31,S31<=Z31)),"OK","FORA DO INTERVALO") -> OK | X31: =IF($J19=$A$145,0,VLOOKUP(CONCATENATE($J19,"-",$R31),$C$2:$G$138,3,FALSE)) -> 0.2034 | Y31: =IF($J19=$A$145,0,VLOOKUP(CONCATENATE($J19,"-",$R31),$C$2:$G$138,4,FALSE)) -> 0.2212 | Z31: =IF($J19=$A$145,0,VLOOKUP(CONCATENATE($J19,"-",$R31),$C$2:$G$138,5,FALSE)) -> 0.25
A32: =A31 -> Obras Portuárias, Marítimas e Fluviais | B32: L | C32: =CONCATENATE(A32,"-",B32) -> Obras Portuárias, Marítimas e Fluviais-L | E32: 0.0714 | F32: 0.084 | G32: 0.1043 | I32: F | J32: BDI COM desoneração | R32: BDI DES | S32: =IF($J19=$A$145,0,ROUND((((1+S23+S24+S25)*(1+S26)*(1+S27)/(1-(S28+S29+S30)))-1),4)) -> 0.25
A33: =A32 -> Obras Portuárias, Marítimas e Fluviais | B33: BDI PAD | C33: =CONCATENATE(A33,"-",B33) -> Obras Portuárias, Marítimas e Fluviais-BDI PAD | E33: 0.228 | F33: 0.2748 | G33: 0.3095 | I33: F
A34: Fornecimento de Materiais e Equipamentos (aquisição indireta - em conjunto com licitação de obras) | B34: AC | C34: =CONCATENATE(A34,"-",B34) -> Fornecimento de Materiais e Equipamentos (aquisição indireta - em conjunto com licitação de obras)-AC | E34: 0.015 | F34: 0.0345 | G34: 0.0449 | I34: F | J34: =IF(U31<>"ok","X","") | K34: =IF(U31<>"ok","Anexo: Relatório Técnico Circunstanciado justificando a adoção do percentual de cada parcela do BDI.","")
A35: =A34 -> Fornecimento de Materiais e Equipamentos (aquisição indireta - em conjunto com licitação de obras) | B35: SG | C35: =CONCATENATE(A35,"-",B35) -> Fornecimento de Materiais e Equipamentos (aquisição indireta - em conjunto com licitação de obras)-SG | E35: 0.003 | F35: 0.0048 | G35: 0.0082 | I35: F
A36: =A35 -> Fornecimento de Materiais e Equipamentos (aquisição indireta - em conjunto com licitação de obras) | B36: R | C36: =CONCATENATE(A36,"-",B36) -> Fornecimento de Materiais e Equipamentos (aquisição indireta - em conjunto com licitação de obras)-R | E36: 0.0056 | F36: 0.0085 | G36: 0.0089 | I36: F | J36: Os valores de BDI foram calculados com o emprego da fórmula:
A37: =A36 -> Fornecimento de Materiais e Equipamentos (aquisição indireta - em conjunto com licitação de obras) | B37: DF | C37: =CONCATENATE(A37,"-",B37) -> Fornecimento de Materiais e Equipamentos (aquisição indireta - em conjunto com licitação de obras)-DF | E37: 0.0085 | F37: 0.0085 | G37: 0.0111 | I37: F | M37: BDI = | N37: =IF($J19=$A$146,"(1+K1+K2)*(1+K3)","(1+AC + S + R + G)*(1 + DF)*(1+L)") -> (1+AC + S + R + G)*(1 + DF)*(1+L) | Q37: - 1
A38: =A37 -> Fornecimento de Materiais e Equipamentos (aquisição indireta - em conjunto com licitação de obras) | B38: L | C38: =CONCATENATE(A38,"-",B38) -> Fornecimento de Materiais e Equipamentos (aquisição indireta - em conjunto com licitação de obras)-L | E38: 0.035 | F38: 0.0511 | G38: 0.0622 | I38: F | N38: (1-CP-ISS-CRPB)
A39: =A38 -> Fornecimento de Materiais e Equipamentos (aquisição indireta - em conjunto com licitação de obras) | B39: BDI PAD | C39: =CONCATENATE(A39,"-",B39) -> Fornecimento de Materiais e Equipamentos (aquisição indireta - em conjunto com licitação de obras)-BDI PAD | E39: 0.111 | F39: 0.1402 | G39: 0.168 | I39: F
A40: Fornecimento de Materiais e Equipamentos (aquisição direta) | B40: AC | C40: =CONCATENATE(A40,"-",B40) -> Fornecimento de Materiais e Equipamentos (aquisição direta)-AC | E40: - | F40: - | G40: - | I40: F | J40: =CONCATENATE("Declaro para os devidos fins que, conforme legislação tributária municipal, a base de cálculo deste tipo de obra corresponde à ",$R$12*100,"%, com a respectiva alíquota de ",$R$13*100,"%.") -> Declaro para os devidos fins que, conforme legislação tributária municipal, a base de cálculo deste tipo de obra corresponde à 50%, com a respectiva alíquota de 5%.
A41: Fornecimento de Materiais e Equipamentos (aquisição direta) | B41: SG | C41: =CONCATENATE(A41,"-",B41) -> Fornecimento de Materiais e Equipamentos (aquisição direta)-SG | E41: - | F41: - | G41: - | I41: F
A42: Fornecimento de Materiais e Equipamentos (aquisição direta) | B42: R | C42: =CONCATENATE(A42,"-",B42) -> Fornecimento de Materiais e Equipamentos (aquisição direta)-R | E42: - | F42: - | G42: - | I42: F | J42: =CONCATENATE("Declaro para os devidos fins que o regime de Contribuição Previdenciária sobre a Receita Bruta adotado para elaboração do orçamento foi ",IF(DESONERACAO="Sim","COM","SEM")," Desoneração, e que esta é a alternativa mais adequada para a Administração Pública.") -> Declaro para os devidos fins que o regime de Contribuição Previdenciária sobre a Receita Bruta adotado para elaboração do orçamento foi SEM Desoneração, e que esta é a alternativa mais adequada para a Administração Pública.
A43: Fornecimento de Materiais e Equipamentos (aquisição direta) | B43: DF | C43: =CONCATENATE(A43,"-",B43) -> Fornecimento de Materiais e Equipamentos (aquisição direta)-DF | E43: - | F43: - | G43: - | I43: F
A44: Fornecimento de Materiais e Equipamentos (aquisição direta) | B44: L | C44: =CONCATENATE(A44,"-",B44) -> Fornecimento de Materiais e Equipamentos (aquisição direta)-L | E44: - | F44: - | G44: - | I44: F | J44: Observações:
A45: Fornecimento de Materiais e Equipamentos (aquisição direta) | B45: BDI PAD | C45: =CONCATENATE(A45,"-",B45) -> Fornecimento de Materiais e Equipamentos (aquisição direta)-BDI PAD | E45: - | F45: - | G45: - | I45: F | J45: RRT SI16391083l00CT001
A46: Estudos e Projetos, Planos e Gerenciamento e outros correlatos | B46: K1 | C46: =CONCATENATE(A46,"-",B46) -> Estudos e Projetos, Planos e Gerenciamento e outros correlatos-K1 | E46: - | F46: - | G46: - | I46: F
A47: Estudos e Projetos, Planos e Gerenciamento e outros correlatos | B47: K1 | C47: =CONCATENATE(A47,"-",B47) -> Estudos e Projetos, Planos e Gerenciamento e outros correlatos-K1 | E47: - | F47: - | G47: - | I47: F
A48: Estudos e Projetos, Planos e Gerenciamento e outros correlatos | B48: K1 | C48: =CONCATENATE(A48,"-",B48) -> Estudos e Projetos, Planos e Gerenciamento e outros correlatos-K1 | E48: - | F48: - | G48: - | I48: F
A49: Estudos e Projetos, Planos e Gerenciamento e outros correlatos | B49: K1 | C49: =CONCATENATE(A49,"-",B49) -> Estudos e Projetos, Planos e Gerenciamento e outros correlatos-K1 | E49: - | F49: - | G49: - | I49: F
A50: =A49 -> Estudos e Projetos, Planos e Gerenciamento e outros correlatos | B50: K2 | C50: =CONCATENATE(A50,"-",B50) -> Estudos e Projetos, Planos e Gerenciamento e outros correlatos-K2 | E50: - | F50: 0.2 | G50: - | I50: F | J50: =Import.Município -> Ouro Fino, MG | P50: =DADOS!$F$25 -> 46245
A51: =A50 -> Estudos e Projetos, Planos e Gerenciamento e outros correlatos | C51: =CONCATENATE(A51,"-",B51) -> Estudos e Projetos, Planos e Gerenciamento e outros correlatos- | E51: - | F51: - | G51: - | I51: F | J51: Local | P51: Data
A52: =A51 -> Estudos e Projetos, Planos e Gerenciamento e outros correlatos | C52: =CONCATENATE(A52,"-",B52) -> Estudos e Projetos, Planos e Gerenciamento e outros correlatos- | E52: - | F52: - | G52: - | I52: F
A53: =A52 -> Estudos e Projetos, Planos e Gerenciamento e outros correlatos | B53: K3 | C53: =CONCATENATE(A53,"-",B53) -> Estudos e Projetos, Planos e Gerenciamento e outros correlatos-K3 | E53: - | F53: 0.12 | G53: - | I53: F
A54: =A53 -> Estudos e Projetos, Planos e Gerenciamento e outros correlatos | B54: BDI PAD | C54: =CONCATENATE(A54,"-",B54) -> Estudos e Projetos, Planos e Gerenciamento e outros correlatos-BDI PAD | E54: - | F54: - | G54: - | I54: F | J54: Responsável Técnico | P54: Representante Tomador
I55: F | J55: Nome: | K55: {=Import.RespOrçamento} -> Aline Parizatto Brombrim | P55: ="Nome:" & " " & DADOS!F28 -> Nome: Clóvis Coldibeli
I56: F | J56: CREA/CAU: | K56: Arquiteta | P56: ="Cargo:" & " " & DADOS!F29 -> Cargo: Presidente da Câmara
I57: F | J57: ART/RRT: | K57: SI16391083l00CT001 | P57: ="CNPJ:" & " " & DADOS!F30 -> CNPJ: 25.652.371/0001-89
I58: F
I59: =IF($S$74=0,"","F") | J59: BDI 2
I60: =IF($S$74=0,"","F")
I61: =IF($S$74=0,"","F") | J61: TIPO DE OBRA
I62: =IF($S$74=0,"","F") | J62: (SELECIONAR)
I63: =IF($S$74=0,"","F")
I64: =IF($S$74=0,"","F") | J64: Itens | R64: Siglas | S64: % Adotado | U64: Situação | X64: 1º Quartil | Y64: Médio | Z64: 3º Quartil
I65: =IF($S$74=0,"","F")
I66: =IF($S$74=0,"","F") | J66: =IF($J$19=$A$146,"Encargos Sociais incidentes sobre a mão de obra","Administração Central") -> Administração Central | R66: =IF($J62=$A$146,"K1","AC") -> AC | U66: - | X66: =VLOOKUP(CONCATENATE(J62,"-",R66),$C$2:$G$138,3,FALSE) -> #N/A | Y66: =VLOOKUP(CONCATENATE(J62,"-",R66),$C$2:$G$138,4,FALSE) -> #N/A | Z66: =VLOOKUP(CONCATENATE(J62,"-",R66),$C$2:$G$138,5,FALSE) -> #N/A
I67: =IF($S$74=0,"","F") | J67: =IF($J$19=$A$146,"Administração Central da empresa ou consultoria - overhead","Seguro e Garantia") -> Seguro e Garantia | R67: =IF($J62=$A$146,"K2","SG") -> SG | U67: - | X67: =VLOOKUP(CONCATENATE(J62,"-",R67),$C$2:$G$138,3,FALSE) -> #N/A | Y67: =VLOOKUP(CONCATENATE(J62,"-",R67),$C$2:$G$138,4,FALSE) -> #N/A | Z67: =VLOOKUP(CONCATENATE(J62,"-",R67),$C$2:$G$138,5,FALSE) -> #N/A
I68: =IF($S$74=0,"","F") | J68: =IF($J$19=$A$146,"","Risco") -> Risco | R68: =IF($J62=$A$146,"","R") -> R | U68: - | X68: =VLOOKUP(CONCATENATE(J62,"-",R68),$C$2:$G$138,3,FALSE) -> #N/A | Y68: =VLOOKUP(CONCATENATE(J62,"-",R68),$C$2:$G$138,4,FALSE) -> #N/A | Z68: =VLOOKUP(CONCATENATE(J62,"-",R68),$C$2:$G$138,5,FALSE) -> #N/A
I69: =IF($S$74=0,"","F") | J69: =IF($J$19=$A$146,"","Despesas Financeiras") -> Despesas Financeiras | R69: =IF($J62=$A$146,"","DF") -> DF | U69: - | X69: =VLOOKUP(CONCATENATE(J62,"-",R69),$C$2:$G$138,3,FALSE) -> #N/A | Y69: =VLOOKUP(CONCATENATE(J62,"-",R69),$C$2:$G$138,4,FALSE) -> #N/A | Z69: =VLOOKUP(CONCATENATE(J62,"-",R69),$C$2:$G$138,5,FALSE) -> #N/A
I70: =IF($S$74=0,"","F") | J70: =IF($J$19=$A$146,"Margem bruta da empresa de consultoria","Lucro") -> Lucro | R70: =IF($J62=$A$146,"K3","L") -> L | U70: - | X70: =VLOOKUP(CONCATENATE(J62,"-",R70),$C$2:$G$138,3,FALSE) -> #N/A | Y70: =VLOOKUP(CONCATENATE(J62,"-",R70),$C$2:$G$138,4,FALSE) -> #N/A | Z70: =VLOOKUP(CONCATENATE(J62,"-",R70),$C$2:$G$138,5,FALSE) -> #N/A
I71: =IF($S$74=0,"","F") | J71: Tributos (impostos COFINS 3%, e PIS 0,65%) | R71: CP | U71: - | X71: 0.0365 | Y71: 0.0365 | Z71: 0.0365
I72: =IF($S$74=0,"","F") | J72: Tributos (ISS, variável de acordo com o município) | R72: ISS | S72: =IF(AND($J62<>$A$145,COUNTA(OFFSET(S65,1,0,6))>0),$R$13*$R$12,0) -> 0 | U72: - | X72: 0 | Y72: 0.025 | Z72: 0.05
I73: =IF($S$74=0,"","F") | J73: Tributos (Contribuição Previdenciária sobre a Receita Bruta - 0% ou 4,5% - Desoneração) | R73: CPRB | S73: =IF(BDI.Opcao<>"Desonerado",0,IF(AND($J62<>$A$145,COUNTA(OFFSET(S65,1,0,6))>0),4.5%,0%)) -> 0 | U73: - | X73: 0 | Y73: 0.045 | Z73: 0.045
I74: =IF($S$74=0,"","F") | J74: BDI SEM desoneração (Fórmula Acórdão TCU) | R74: BDI PAD | S74: =IF($J62=$A$145,0,ROUND((((1+S66+S67+S68)*(1+S69)*(1+S70)/(1-(S71+S72)))-1),4)) -> 0 | U74: =IF(OR($J$19=$A$146,$J$19=$A$145,AND(S74>=X74,S74<=Z74)),"OK","FORA DO INTERVALO") -> #N/A | X74: =IF($J62=$A$145,0,VLOOKUP(CONCATENATE($J62,"-",$R74),$C$2:$G$138,3,FALSE)) -> #N/A | Y74: =IF($J62=$A$145,0,VLOOKUP(CONCATENATE($J62,"-",$R74),$C$2:$G$138,4,FALSE)) -> #N/A | Z74: =IF($J62=$A$145,0,VLOOKUP(CONCATENATE($J62,"-",$R74),$C$2:$G$138,5,FALSE)) -> #N/A
I75: =IF($S$74=0,"","F") | J75: BDI COM desoneração | R75: BDI DES | S75: =IF($J62=$A$145,0,ROUND((((1+S66+S67+S68)*(1+S69)*(1+S70)/(1-(S71+S72+S73)))-1),4)) -> 0
I76: =IF($S$74=0,"","F")
I77: =IF($S$74=0,"","F") | J77: =IF(U74<>"ok","X","") -> #N/A | K77: =IF(U74<>"ok","Anexo: Relatório Técnico Circunstanciado justificando a adoção do percentual de cada parcela do BDI.","") -> #N/A
I78: =IF($S$74=0,"","F")
I79: =IF($S$74=0,"","F") | J79: Os valores de BDI foram calculados com o emprego da fórmula:
I80: =IF($S$74=0,"","F") | M80: BDI = | N80: =IF($J62=$A$146,"(1+K1+K2)*(1+K3)","(1+AC + S + R + G)*(1 + DF)*(1+L)") -> (1+AC + S + R + G)*(1 + DF)*(1+L) | Q80: - 1
I81: =IF($S$74=0,"","F") | N81: (1-CP-ISS-CRPB)
I82: =IF($S$74=0,"","F")
I83: =IF($S$74=0,"","F") | J83: =CONCATENATE("Declaro para os devidos fins que, conforme legislação tributária municipal, a base de cálculo deste tipo de obra corresponde à ",$R$12*100,"%, com a respectiva alíquota de ",$R$13*100,"%.") -> Declaro para os devidos fins que, conforme legislação tributária municipal, a base de cálculo deste tipo de obra corresponde à 50%, com a respectiva alíquota de 5%.
I84: =IF($S$74=0,"","F")
I85: =IF($S$74=0,"","F") | J85: =CONCATENATE("Declaro para os devidos fins que o regime de Contribuição Previdenciária sobre a Receita Bruta adotado para elaboração do orçamento foi ",IF(DESONERACAO="Sim","COM","SEM")," Desoneração, e que esta é a alternativa mais adequada para a Administração Pública.") -> Declaro para os devidos fins que o regime de Contribuição Previdenciária sobre a Receita Bruta adotado para elaboração do orçamento foi SEM Desoneração, e que esta é a alternativa mais adequada para a Administração Pública.
I86: =IF($S$74=0,"","F")
I87: =IF($S$74=0,"","F") | J87: Observações:
I88: =IF($S$74=0,"","F")
I89: =IF($S$74=0,"","F")
I90: =IF($S$74=0,"","F") | J90: =Import.Município -> Ouro Fino, MG | P90: =DADOS!$F$25 -> 46245
I91: =IF($S$74=0,"","F") | J91: Local | P91: Data
I92: =IF($S$74=0,"","F")
I93: =IF($S$74=0,"","F")
I94: =IF($S$74=0,"","F") | J94: Responsável Técnico
I95: =IF($S$74=0,"","F") | J95: Nome: | K95: {=Import.RespOrçamento} -> Aline Parizatto Brombrim
I96: =IF($S$74=0,"","F") | J96: CREA/CAU: | K96: Arquiteta
I97: =IF($S$74=0,"","F") | J97: ART/RRT: | K97: SI16391083l00CT001
I98: =IF($S$74=0,"","F")
I99: =IF($S$114=0,"","F") | J99: BDI 3
I100: =IF($S$114=0,"","F")
I101: =IF($S$114=0,"","F") | J101: TIPO DE OBRA
I102: =IF($S$114=0,"","F") | J102: (SELECIONAR)
...

Sheet Planilha Orçamentária
A2: PLANILHA DE REFORMA ORÇAMENTÁRIA
A3: Obra: | D3: Câmara Municipal de Ouro Fino
A4: Endereço: | D4: Rua Rogério Gissoni 450, Ouro Fino, MG - CEP 37570-000
A5: Objeto | D5: Reforma do plenário, recepção e corredores – adequação arquitetônica, civil e instalações
A6: Descrição dos Serviços | D6: A presente planilha orçamentária contempla os serviços necessários para a reforma e modernização do plenário, recepção e áreas de circulação, abrangendo intervenções de natureza civil, arquitetônica e de instalações prediais. Os serviços incluem, de forma geral: Demolições e remoções de revestimentos, alvenarias e elementos existentes; Adequações estruturais pontuais, cortes e rebaixamentos de piso e laje; Execução de bases, regularizações e nivelamentos em contrapiso; Aplicação de revestimentos cerâmicos e em pedra natural; Execução de sistema de forros em drywall, sancas e acabamentos em gesso; Adequações hidráulicas com realocação de pontos de água e esgoto; Execução e adequação das instalações elétricas, incluindo redistribuição de pontos e instalação de sistema de iluminação interna; Instalação de esquadrias em alumínio e vidro; Serviços de pintura interna; Execução de elementos metálicos e arquitetônicos, como brises; Serviços preliminares e administração da obra.
A7: Critérios de Orçamentação | D7: A presente planilha orçamentária foi elaborada com base na Tabela SINAPI – Sistema Nacional de Pesquisa de Custos e Índices da Construção Civil, considerando a versão mais atual disponível para o Estado de Minas Gerais:
A8: Referência: | D8: Sinapi MG - 03/2026
H9: BDI (25%) | I9: 0.25
A10: ITEM | B10: CÓDIGO | C10: SERVIÇO | D10: DESCRIÇÃO | E10: QUANT. | F10: UNID. | G10: VALOR UNITARIO | H10: VALOR UNITARIO COM BDI | I10: VALOR TOTAL COM BDI
A11: 1 | B11: DEMOLIÇÕES E REMOÇÕES
A12: 1.1 | B12: 97633 | C12: DEMOLIÇÃO DE REVESTIMENTO CERÂMICO PLENÁRIO, RECEPÇÃO E CORREDOR | D12: DEMOLIÇÃO DE REVESTIMENTO CERÂMICO, DE FORMA MANUAL, SEM REAPROVEITAMENTO. AF_09/2023 | E12: 213.5 | F12: m² | G12: 27.45 | H12: 34.31 | I12: =H12*E12 -> 7325.185 | J12: =#REF!+I12 -> #REF!
A13: 1.2 | B13: 97624 | C13: DEMOLIÇÃO DE ALVENARIA DE TIJOLO 1M FRONTAL DO PALCO | D13: DEMOLIÇÃO DE ALVENARIA DE TIJOLO MACIÇO, DE FORMA MANUAL, SEM REAPROVEITAMENTO. AF_09/2023 | E13: 4.87 | F13: m³ | G13: 125.07 | H13: 156.34 | I13: =H13*E13 -> 761.3758 | J13: =#REF!+I13 -> #REF!
A14: 1.3 | B14: 97633 | C14: DEMOLIÇÃO E REBAIXAMENTO DE 25CM DO PISO DO PALCO | D14: DEMOLIÇÃO DE REVESTIMENTO CERÂMICO, DE FORMA MANUAL, SEM REAPROVEITAMENTO. AF_09/2023 | E14: 57.52 | F14: m² | G14: 27.45 | H14: 34.31 | I14: =H14*E14 -> 1973.5112 | J14: =#REF!+I14 -> #REF!
A15: 1.4 | B15: 88269 | C15: DEMOLIÇÃO DE FORRO DE GESSO PLENÁRIO | D15: GESSEIRO COM ENCARGOS COMPLEMENTARES | E15: 4 | F15: h | G15: 34.13 | H15: 42.66 | I15: =H15*E15 -> 170.64 | J15: =#REF!+I15 -> #REF!
A16: 1.5 | B16: 88316 | C16: DEMOLIÇÃO DE FORRO DE GESSO PLENÁRIO | D16: SERVENTE COM ENCARGOS COMPLEMENTARES | E16: 4 | F16: h | G16: 24.88 | H16: 31.1 | I16: =H16*E16 -> 124.4 | J16: =#REF!+I16 -> #REF!
A17: 1.6 | B17: 97644 | C17: REMOÇAO DE PORTA E BATENTE PLENÁRIO DE RECEPÇÃO | D17: REMOÇÃO DE PORTAS, DE FORMA MANUAL, SEM REAPROVEITAMENTO. AF_09/2023 | E17: 27.72 | F17: m² | G17: 11.3 | H17: 14.13 | I17: =H17*E17 -> 391.6836 | J17: =#REF!+I17 -> #REF!
A18: 1.7 | B18: 103329 | C18: REQUADRO DE ALVENARIA NA PAREDE DAS PORTAS RETIRADAS | D18: ALVENARIA DE VEDAÇÃO DE BLOCOS CERÂMICOS FURADOS NA HORIZONTAL DE 9X19X19 CM (ESPESSURA 9 CM) E ARGAMASSA DE ASSENTAMENTO COM PREPARO MANUAL. AF_12/2021 | E18: 25 | F18: m² | G18: 108.76 | H18: 135.95 | I18: =H18*E18 -> 3398.75 | J18: =#REF!+I18 -> #REF!
A19: 1.8 | B19: 97633 | C19: REMOÇÃO DE DETALHE FIXO DA PAREDE DO PLENÁRIO | D19: DEMOLIÇÃO DE REVESTIMENTO , DE FORMA MANUAL, SEM REAPROVEITAMENTO. AF_09/2023 | E19: 25.35 | F19: m² | G19: 27.45 | H19: 34.31 | I19: =H19*E19 -> 869.7585 | J19: =#REF!+I19 -> #REF!
A20: 1.9 | B20: 106122 | C20: CARGA MANUAL DE ENTULHO | D20: REMOÇÃO DE ENTULHO CLASSE A (ALVENARIA, CONCRETO, ARGAMASSAS E CERÂMICOS) POR DUTO DE ENTULHO E ACONDICIONAMENTO FINAL EM CAÇAMBA ESTACIONÁRIA. EXCLUSO FRETE. AF_09/2025 | E20: 66 | F20: m³ | G20: 85.01 | H20: 106.26 | I20: =H20*E20 -> 7013.16 | J20: =#REF!+I20 -> #REF!
A21: 1.10 | B21: 97914 | C21: TRANSPORTE DE ENTULHO | D21: TRANSPORTE COM CAMINHÃO BASCULANTE DE 6 M³, EM VIA URBANA PAVIMENTADA, DMT ATÉ 30 KM (UNIDADE: M3XKM). AF_02/2026 | E21: 150 | F21: m³xkm | G21: 3.46 | H21: 4.33 | I21: =H21*E21 -> 649.5 | J21: =#REF!+I21 -> #REF!
A22: 2 | B22: BASE/CIVIL | J22: =#REF!+I22 -> #REF!
A23: 2.1 | B23: 87700 | C23: CONSTRUÇÃO DE BASE BAIXA E ACABAMENTO CENTRO DOS VEREADORES | D23: CONTRAPISO EM ARGAMASSA TRAÇO 1:4 (CIMENTO E AREIA), PREPARO MECÂNICO COM BETONEIRA 400 L, APLICADO EM ÁREAS SECAS SOBRE LAJE, NÃO ADERIDO, ACABAMENTO NÃO REFORÇADO, ESPESSURA 6CM. AF_07/2021 | E23: 5.5 | F23: m² | G23: 62.8 | H23: 78.5 | I23: =H23*E23 -> 431.75 | J23: =#REF!+I23 -> #REF!
A24: 2.2 | B24: 87700 | C24: CONSTRUÇÃO DE BASE E ACABAMENTO NIVELADA AO PALCO P TRIBUNA | D24: CONTRAPISO EM ARGAMASSA TRAÇO 1:4 (CIMENTO E AREIA), PREPARO MECÂNICO COM BETONEIRA 400 L, APLICADO EM ÁREAS SECAS SOBRE LAJE, NÃO ADERIDO, ACABAMENTO NÃO REFORÇADO, ESPESSURA 6CM. AF_07/2021 | E24: 5.17 | F24: m² | G24: 62.8 | H24: 78.5 | I24: =H24*E24 -> 405.845 | J24: =#REF!+I24 -> #REF!
A25: 2.3 | B25: 87700 | C25: NIVELAMENTO DE RAMPA DE ACESSO P/ PALCO | D25: CONTRAPISO EM ARGAMASSA TRAÇO 1:4 (CIMENTO E AREIA), PREPARO MECÂNICO COM BETONEIRA 400 L, APLICADO EM ÁREAS SECAS SOBRE LAJE, NÃO ADERIDO, ACABAMENTO NÃO REFORÇADO, ESPESSURA 6CM. AF_07/2021 | E25: 3.76 | F25: m² | G25: 62.8 | H25: 78.5 | I25: =H25*E25 -> 295.16 | J25: =#REF!+I25 -> #REF!
A26: 2.4 | B26: 87700 | C26: NIVELAMENTO DE PISO DEMOLIDO | D26: CONTRAPISO EM ARGAMASSA TRAÇO 1:4 (CIMENTO E AREIA), PREPARO MECÂNICO COM BETONEIRA 400 L, APLICADO EM ÁREAS SECAS SOBRE LAJE, NÃO ADERIDO, ACABAMENTO NÃO REFORÇADO, ESPESSURA 6CM. AF_07/2021 | E26: 213.5 | F26: m² | G26: 62.8 | H26: 78.5 | I26: =H26*E26 -> 16759.75 | J26: =#REF!+I26 -> #REF!
A27: 3 | B27: REVESTIMENTOS | J27: =#REF!+I27 -> #REF!
A28: 3.1 | B28: 1 | C28: ASSENTAMENTO DE REVESTIMENTO CERAMICO + RODAPÉ 15cm | D28: REVESTIMENTO CERÂMICO PARA PISO COM PLACAS TIPO PORCELANATO DE DIMENSÕES 80X80 CM APLICADA EM AMBIENTES DE ÁREA MENOR QUE 5 M². AF_02/2023_PE | E28: 180 | F28: m² | G28: 150.9 | H28: 188.63 | I28: =H28*E28 -> 33953.4 | J28: =#REF!+I28 -> #REF!
A29: 3.2 | B29: 101731 | C29: ASSENTAMENTO DE PEDRA NATURAL DE 1,2X1,2m NO PISO PISO DO PALCO | D29: PISO EM PEDRA ASSENTADO SOBRE ARGAMASSA 1:3 (CIMENTO E AREIA). AF_02/2026 | E29: 57.62 | F29: m² | G29: 387.05 | H29: 483.81 | I29: =H29*E29 -> 27877.132 | J29: =#REF!+I29 -> #REF!
A30: 3.3 | B30: 101731 | C30: CHUMBAR PEDRA NATURAL DE 1,2X1,2m NA FRENTE DO PALCO | D30: PISO EM PEDRA ASSENTADO SOBRE ARGAMASSA 1:3 (CIMENTO E AREIA). AF_02/2026 | E30: 2 | F30: m² | G30: 387.05 | H30: 483.81 | I30: =H30*E30 -> 967.62 | J30: =#REF!+I30 -> #REF!
A31: 3.4 | B31: 101731 | C31: ASSENTAMENTO DE PEDRA NATURAL EM PAREDE 40,6X61cm | D31: PISO EM PEDRA ASSENTADO SOBRE ARGAMASSA 1:3 (CIMENTO E AREIA). AF_02/2026 | E31: 23 | F31: m² | G31: 387.05 | H31: 483.81 | I31: =H31*E31 -> 11127.63 | J31: =#REF!+I31 -> #REF!
A32: 4 | B32: CORTES / ADAPTAÇÕES | J32: =#REF!+I32 -> #REF!
A33: 4.1 | B33: 97628 | C33: CORTAR LAGE E REBOCAR P NOVA ILUMINAÇÃO EM NO TETO DE LAGE PLENÁRIO | D33: DEMOLIÇÃO DE LAJES, EM CONCRETO ARMADO, DE FORMA MANUAL, SEM REAPROVEITAMENTO. AF_09/2023 | E33: 20 | F33: m³ | G33: 311.38 | H33: 389.23 | I33: =H33*E33 -> 7784.6 | J33: =#REF!+I33 -> #REF!
A34: 4.2 | B34: 97624 | C34: CORTAR PAREDE NA RECEPÇÃO PARA NOVO PONTO DE TV | D34: DEMOLIÇÃO DE ALVENARIA DE TIJOLO MACIÇO, DE FORMA MANUAL, SEM REAPROVEITAMENTO. AF_09/2023 | E34: 2 | F34: m² | G34: 125.07 | H34: 156.34 | I34: =H34*E34 -> 312.68 | J34: =#REF!+I34 -> #REF!
A35: 4.3 | B35: 97633 | C35: CORTAR PISO NA RECEPÇÃO PARA NOVO PONTO DE ELÉTRICA BALCÃO DE ATENDIMENTO | D35: DEMOLIÇÃO DE REVESTIMENTO CERÂMICO, DE FORMA MANUAL, SEM REAPROVEITAMENTO. AF_09/2023 | E35: 1 | F35: m² | G35: 27.45 | H35: 34.31 | I35: =H35*E35 -> 34.31 | J35: =#REF!+I35 -> #REF!
A36: 4.4 | B36: 97624 | C36: CORTAR PAREDE NA RECEPÇÃO PARA NOVO PONTO DE ELÉTRICA P PORTA | D36: DEMOLIÇÃO DE ALVENARIA DE TIJOLO MACIÇO, DE FORMA MANUAL, SEM REAPROVEITAMENTO. AF_09/2023 | E36: 3 | F36: m² | G36: 125.07 | H36: 156.34 | I36: =H36*E36 -> 469.02 | J36: =#REF!+I36 -> #REF!
A37: 4.5 | B37: 88267 | C37: CORTAR E REALOCAR PONTO DE ÁGUA E ESGOTO DA RECEPÇÃO | D37: ENCANADOR OU BOMBEIRO HIDRÁULICO COM ENCARGOS COMPLEMENTARES | E37: 6 | F37: H | G37: 32.99 | H37: 41.24 | I37: =H37*E37 -> 247.44 | J37: =#REF!+I37 -> #REF!
A38: 4.6 | B38: 89356 | C38: CORTAR E REALOCAR PONTO DE ÁGUA E ESGOTO DA RECEPÇÃO | D38: TUBO, PVC, SOLDÁVEL, DE 25MM, INSTALADO EM RAMAL OU SUB-RAMAL DE ÁGUA - FORNECIMENTO E INSTALAÇÃO. AF_06/2022 | E38: 5 | F38: m | G38: 27.66 | H38: 34.58 | I38: =H38*E38 -> 172.9 | J38: =#REF!+I38 -> #REF!
A39: 4.7 | B39: 89362 | C39: CORTAR E REALOCAR PONTO DE ÁGUA E ESGOTO DA RECEPÇÃO | D39: JOELHO 90 GRAUS, PVC, SOLDÁVEL, DN 25MM, INSTALADO EM RAMAL OU SUB-RAMAL DE ÁGUA - FORNECIMENTO E INSTALAÇÃO. AF_06/2022 | E39: 8 | F39: un. | G39: 11.14 | H39: 13.93 | I39: =H39*E39 -> 111.44 | J39: =#REF!+I39 -> #REF!
A40: 4.8 | B40: 89714 | C40: CORTAR E REALOCAR PONTO DE ÁGUA E ESGOTO DA RECEPÇÃO | D40: TUBO PVC, SERIE NORMAL, ESGOTO PREDIAL, DN 100 MM, FORNECIDO E INSTALADO EM RAMAL DE DESCARGA OU RAMAL DE ESGOTO SANITÁRIO. AF_08/2022 | E40: 5 | F40: m | G40: 42.2 | H40: 52.75 | I40: =H40*E40 -> 263.75 | J40: =#REF!+I40 -> #REF!
A41: 4.9 | B41: 89726 | C41: CORTAR E REALOCAR PONTO DE ÁGUA E ESGOTO DA RECEPÇÃO | D41: JOELHO 45 GRAUS, PVC, SERIE NORMAL, ESGOTO PREDIAL, DN 40 MM, JUNTA SOLDÁVEL, FORNECIDO E INSTALADO EM RAMAL DE DESCARGA OU RAMAL DE ESGOTO SANITÁRIO. AF_08/2022 | E41: 8 | F41: un. | G41: 11.89 | H41: 14.86 | I41: =H41*E41 -> 118.88 | J41: =#REF!+I41 -> #REF!
A42: 5 | B42: ELÉTRICA | J42: =#REF!+I42 -> #REF!
A43: 5.1 | B43: 97665 | C43: REMOÇÃO DE LUMINÁRIAS NA RECEPÇÃO, PLENÁRIO E CORREDOR ATÉ PORTA VIDRO | D43: REMOÇÃO DE LUMINÁRIAS, DE FORMA MANUAL, SEM REAPROVEITAMENTO. AF_09/2023 | E43: 26 | F43: un. | G43: 2.13 | H43: 2.66 | I43: =H43*E43 -> 69.16 | J43: =#REF!+I43 -> #REF!
A44: 5.2 | B44: 88264 | C44: DESINSTALAÇÃO DE TELEVISOR, CAMERA, PROJETOR E TELA | D44: ELETRICISTA COM ENCARGOS COMPLEMENTARES | E44: 12 | F44: h | G44: 34.11 | H44: 42.64 | I44: =H44*E44 -> 511.68 | J44: =#REF!+I44 -> #REF!
A45: 5.3 | B45: 88247 | C45: DESINSTALAÇÃO DE TELEVISOR, CAMERA, PROJETOR E TELA | D45: AUXILIAR DE ELETRICISTA COM ENCARGOS COMPLEMENTARES | E45: 12 | F45: h | G45: 28.03 | H45: 35.04 | I45: =H45*E45 -> 420.48 | J45: =#REF!+I45 -> #REF!
A46: 5.4 | B46: 97662 | C46: DESINSTALAR TECLAS E INTERRUPTORES DA RECEPÇÃO, CORREDOR E PLENÁRIO | D46: REMOÇÃO DE INTERRUPTORES/TOMADAS ELÉTRICAS, DE FORMA MANUAL, SEM REAPROVEITAMENTO. AF_09/2023 | E46: 16 | F46: un. | G46: 0.78 | H46: 0.98 | I46: =H46*E46 -> 15.68 | J46: =#REF!+I46 -> #REF!
A47: 5.5 | B47: 92025 | C47: INSTALAR NOVAS TECLAS E INTERRUPTORES DA RECEPÇÃO, CORREDOR E PLENÁRIO | D47: INTERRUPTOR SIMPLES (1 MÓDULO) COM 2 TOMADAS DE EMBUTIR 2P+T 10 A, INCLUINDO SUPORTE E PLACA - FORNECIMENTO E INSTALAÇÃO. AF_03/2023 | E47: 16 | F47: un. | G47: 80.05 | H47: 100.06 | I47: =H47*E47 -> 1600.96 | J47: =#REF!+I47 -> #REF!
A48: 5.6 | B48: 92020 | C48: REALOCAR PONTOS ELÉTRICOS NO PISO DO BALCÃO DE ATENDIMENTO | D48: TOMADA BAIXA DE EMBUTIR (6 MÓDULOS), 2P+T 10 A, SEM SUPORTE E SEM PLACA - FORNECIMENTO E INSTALAÇÃO. AF_03/2023 | E48: 5 | F48: un. | G48: 117.05 | H48: 146.31 | I48: =H48*E48 -> 731.55 | J48: =#REF!+I48 -> #REF!
A49: 5.7 | B49: 88264 | C49: FAZER NOVA ELÉTRICA NA PORTA DE ENTRADA DA RECEPÇÃO P PORTA AUTOMATICA | D49: ELETRICISTA COM ENCARGOS COMPLEMENTARES | E49: 6 | F49: h | G49: 34.11 | H49: 42.64 | I49: =H49*E49 -> 255.84 | J49: =#REF!+I49 -> #REF!
A50: 5.8 | B50: 88264 | C50: FAZER NOVA ELÉTRICA PONTO DE TV | D50: ELETRICISTA COM ENCARGOS COMPLEMENTARES | E50: 3 | F50: h | G50: 34.11 | H50: 42.64 | I50: =H50*E50 -> 127.92 | J50: =#REF!+I50 -> #REF!
A51: 5.9 | B51: 88264 | C51: EXECUÇÃO DE SISTEMA DE ILUMINAÇÃO INTERNA, CONTEMPLANDO REALOCAÇÃO DE PONTOS ELÉTRICOS E INSTALAÇÃO DE LUMINÁRIAS (SPOTS, PENDENTES, DOWNLIGHTS E FITAS DE LED) EM TETO DE GESSO E SANCAS, COM FORNECIMENTO E INSTALAÇÃO. | D51: ELETRICISTA COM ENCARGOS COMPLEMENTARES | E51: 90 | F51: h | G51: 34.11 | H51: 42.64 | I51: =H51*E51 -> 3837.6 | J51: =#REF!+I51 -> #REF!
A52: 5.10 | B52: 88247 | C52: EXECUÇÃO DE SISTEMA DE ILUMINAÇÃO INTERNA, CONTEMPLANDO REALOCAÇÃO DE PONTOS ELÉTRICOS E INSTALAÇÃO DE LUMINÁRIAS (SPOTS, PENDENTES, DOWNLIGHTS E FITAS DE LED) EM TETO DE GESSO E SANCAS, COM FORNECIMENTO E INSTALAÇÃO. | D52: AUXILIAR DE ELETRICISTA COM ENCARGOS COMPLEMENTARES | E52: 90 | F52: h | G52: 28.03 | H52: 35.04 | I52: =H52*E52 -> 3153.6 | J52: =#REF!+I52 -> #REF!
A53: 5.11 | B53: 91926 | C53: EXECUÇÃO DE SISTEMA DE ILUMINAÇÃO INTERNA, CONTEMPLANDO REALOCAÇÃO DE PONTOS ELÉTRICOS E INSTALAÇÃO DE LUMINÁRIAS (SPOTS, PENDENTES, DOWNLIGHTS E FITAS DE LED) EM TETO DE GESSO E SANCAS, COM FORNECIMENTO E INSTALAÇÃO. | D53: CABO DE COBRE FLEXÍVEL ISOLADO, 2,5 MM², ANTI-CHAMA 450/750 V, PARA CIRCUITOS TERMINAIS - FORNECIMENTO E INSTALAÇÃO. AF_03/2023 | E53: 300 | F53: m | G53: 5.3 | H53: 6.63 | I53: =H53*E53 -> 1989 | J53: =#REF!+I53 -> #REF!
A54: 5.12 | B54: 103782 | C54: EXECUÇÃO DE SISTEMA DE ILUMINAÇÃO INTERNA, CONTEMPLANDO REALOCAÇÃO DE PONTOS ELÉTRICOS E INSTALAÇÃO DE LUMINÁRIAS (SPOTS, PENDENTES, DOWNLIGHTS E FITAS DE LED) EM TETO DE GESSO E SANCAS, COM FORNECIMENTO E INSTALAÇÃO. | D54: LUMINÁRIA TIPO PLAFON CIRCULAR, DE SOBREPOR, COM LED DE 12/13 W - FORNECIMENTO E INSTALAÇÃO. AF_09/2024 | E54: 46 | F54: un. | G54: 32.07 | H54: 40.09 | I54: =H54*E54 -> 1844.14 | J54: =#REF!+I54 -> #REF!
A55: 6 | B55: GESSO / FORRO | J55: =#REF!+I55 -> #REF!
A56: 6.1 | B56: 94114 | C56: REBAIXO DE FORRO DE GESSO COM PLACA DE DRYWALL NA RECEPÇÃO E CORREDOR | D56: FORRO EM DRYWALL, PARA AMBIENTES COMERCIAIS, INCLUSIVE ESTRUTURA BIRECIONAL DE FIXAÇÃO. AF_08/2023_PS | E56: 51.37 | F56: m² | G56: 76.55 | H56: 95.69 | I56: =H56*E56 -> 4915.5953 | J56: =#REF!+I56 -> #REF!
A57: 6.2 | B57: 96114 | C57: SANCA DE GESSO LINEAR NAS LATERAIS DA RECEOÇÃO E CORREDOR | D57: FORRO EM DRYWALL, PARA AMBIENTES COMERCIAIS, INCLUSIVE ESTRUTURA BIRECIONAL DE FIXAÇÃO. AF_08/2023_PS | E57: 26.98 | F57: m² | G57: 76.55 | H57: 95.69 | I57: =H57*E57 -> 2581.7162 | J57: =#REF!+I57 -> #REF!
A58: 6.3 | B58: 96113 | C58: REBAIXO DE GESSO COM NICHO CIRCULAR NO TETO DO PALCO COM REFORÇO P MEBRANA | D58: FORRO EM DRYWALL, PARA AMBIENTES COMERCIAIS, INCLUSIVE ESTRUTURA BIRECIONAL DE FIXAÇÃO. AF_08/2023_PS | E58: 57.52 | F58: m² | G58: 76.55 | H58: 95.69 | I58: =H58*E58 -> 5504.0888 | J58: =#REF!+I58 -> #REF!
A59: 6.4 | B59: 87547 | C59: REBOCO FINO DE GESSO NO TETO DO PLENÁRIO PARA PINTURA E MARCENARIA | D59: APLICAÇÃO MANUAL DE GESSO DESEMPENADO (SEM TALISCAS) EM TETO DE AMBIENTES COM PAREDES EM PÉ DIREITO DUPLO E ÁREA MENOR QUE 5M², ESPESSURA DE 1,0CM. AF_03/2023 | E59: 125.32 | F59: m² | G59: 54.57 | H59: 68.21 | I59: =H59*E59 -> 8548.0772 | J59: =#REF!+I59 -> #REF!
A60: 6.5 | B60: 87547 | C60: REBOCO FINO DE GESSO NAS PAREDES DO PLENÁRIO A SEREM PINTADAS | D60: APLICAÇÃO MANUAL DE GESSO SARRAFEADO (COM TALISCAS) EM PAREDES COM PÉ DIREITO DUPLO, ESPESSURA DE 1,5CM. AF_03/2023 | E60: 139 | F60: m² | G60: 72.79 | H60: 90.99 | I60: =H60*E60 -> 12647.61 | J60: =#REF!+I60 -> #REF!
A61: 7 | B61: ESQUADRIAS | J61: =#REF!+I61 -> #REF!
A62: 7.1 | B62: 100702 | C62: PORTA EM ESQUADRIA DE ALUMINIO INOX E VIDRO REFLETA PRATA DE CORRER | D62: PORTA DE CORRER DE ALUMÍNIO, COM DUAS FOLHAS PARA VIDRO, INCLUSO VIDRO LISO INCOLOR, FECHADURA E PUXADOR, SEM ALIZAR. AF_10/2025 | E62: 12.6 | F62: m² | G62: 489.8 | H62: 612.25 | I62: =H62*E62 -> 7714.35 | J62: =#REF!+I62 -> #REF!
A63: 7.2 | B63: 94805 | C63: PORTA EM ESQUADRIA DE ALUMINIO INOX E VIDRO REFLETA PRATA DE SAIDA DE EMERGENCIA | D63: PORTA DE ALUMÍNIO DE ABRIR PARA VIDRO SEM GUARNIÇÃO, 87X210CM, FIXAÇÃO COM PARAFUSOS, INCLUSIVE VIDROS - FORNECIMENTO E INSTALAÇÃO. AF_10/2025 | E63: 1 | F63: un. | G63: 889.55 | H63: 1111.94 | I63: =H63*E63 -> 1111.94 | J63: =#REF!+I63 -> #REF!
A64: 7.3 | B64: 88315 | C64: BRISES EM ALUMINIO ACABAMENTO FOSCO | D64: MONTADOR DE ESTRUTURAS METÁLICAS COM ENCARGOS COMPLEMENTARES | E64: 24 | F64: H | G64: 33.37 | H64: 41.71 | I64: =H64*E64 -> 1001.04 | J64: =#REF!+I64 -> #REF!
A65: 7.4 | B65: 88251 | C65: BRISES EM ALUMINIO ACABAMENTO FOSCO | D65: AUXILIAR DE SERRALHEIRO COM ENCARGOS COMPLEMENTARES | E65: 24 | F65: H | G65: 27.45 | H65: 34.31 | I65: =H65*E65 -> 823.44 | J65: =#REF!+I65 -> #REF!
A66: 7.5 | B66: 34360 | C66: BRISES EM ALUMINIO ACABAMENTO FOSCO | D66: PERFIL DE ALUMINIO ANODIZADO (KG) | E66: 320 | F66: KG | G66: 71.79 | H66: 89.74 | I66: =H66*E66 -> 28716.8 | J66: =#REF!+I66 -> #REF!
A67: 8 | B67: PINTURA | J67: =#REF!+I67 -> #REF!
A68: 8.1 | B68: 88489 | C68: PINTURA INTERNA PAREDE PLENÁRIO | D68: PINTURA LÁTEX ACRÍLICA PREMIUM, APLICAÇÃO MANUAL EM PAREDES, DUAS DEMÃOS. AF_04/2023 | E68: 139 | F68: m² | G68: 14.91 | H68: 18.64 | I68: =H68*E68 -> 2590.96 | J68: =#REF!+I68 -> #REF!
A69: 8.2 | B69: 88488 | C69: PINTURA INTERNA TETO PLENÁRIO RECEPÇÃO E CORREDOR | D69: PINTURA LÁTEX ACRÍLICA PREMIUM, APLICAÇÃO MANUAL EM TETO, DUAS DEMÃOS. AF_04/2023 | E69: 213.5 | F69: m² | G69: 17.7 | H69: 22.13 | I69: =H69*E69 -> 4724.755 | J69: =#REF!+I69 -> #REF!
A70: 9 | B70: SERVIÇOS PRELIMINARES / ADMINISTRAÇÃO | J70: =#REF!+I70 -> #REF!
A71: 9.1 | B71: 103689 | C71: Placa de obra | D71: FORNECIMENTO E INSTALAÇÃO DE PLACA DE OBRA COM CHAPA GALVANIZADA E ESTRUTURA DE MADEIRA. AF_03/2022_PS | E71: 2.88 | F71: m² | G71: 365.55 | H71: 456.94 | I71: =H71*E71 -> 1315.9872 | J71: =#REF!+I71 -> #REF!
A72: 9.2 | B72: 90778 | C72: Engenheiro civil pleno | D72: ENGENHEIRO CIVIL DE OBRA PLENO COM ENCARGOS COMPLEMENTARES | E72: 88 | F72: h | G72: 147.14 | H72: 183.93 | I72: =H72*E72 -> 16185.84 | J72: =#REF!+I72 -> #REF!
A73: 9.3 | B73: 90776 | C73: Encarregado Geral | D73: ENCARREGADO GERAL COM ENCARGOS COMPLEMENTARES | E73: 600 | F73: h | G73: 61.56 | H73: 76.95 | I73: =H73*E73 -> 46170 | J73: =#REF!+I73 -> #REF!
A74: 10 | B74: COTAÇÕES
A75: 10.1 | B75: =Cotações!A12 -> 1 | D75: =Cotações!A10 -> SERVIÇOS DE MARMORARIA | E75: 1 | F75: VB | G75: =Cotações!G13 -> 135339.65 | H75: 169174.56 | I75: =H75*E75 -> 169174.56
A76: 10.2 | B76: =Cotações!A18 -> 2 | D76: =Cotações!A16 -> SERVIÇOS DE MARCENARIA | E76: 1 | F76: VB | G76: =Cotações!G19 -> 287666.67 | H76: 359583.33 | I76: =H76*E76 -> 359583.33
A77: 10.3 | B77: =Cotações!A24 -> 3 | D77: =Cotações!A22 -> PRODUTOS DE ELETRICIDADE TÉCNICA | E77: 1 | F77: VB | G77: =Cotações!G25 -> 15238.797 | H77: 19048.5 | I77: =H77*E77 -> 19048.5
A78: 10.4 | B78: =Cotações!A30 -> 4 | D78: =Cotações!A28 -> SERVIÇOS DE ILUMINAÇÃO TÉCNICA ESPECIALIZADA | E78: 1 | F78: VB | G78: =Cotações!G31 -> 32862.52 | H78: 41078.15 | I78: =H78*E78 -> 41078.15
A79: 10.5 | B79: =Cotações!A36 -> 5 | D79: =Cotações!A34 -> REVESTIMENTOS CERÂMICOS TÉCNICOS | E79: 1 | F79: VB | G79: =Cotações!G37 -> 21410.007 | H79: 26762.51 | I79: =H79*E79 -> 26762.51
A80: 10.6 | B80: =Cotações!A42 -> 6 | D80: =Cotações!A40 -> REVESTIMENTOS DE PEDRA NATURAL | E80: 1 | F80: VB | G80: =Cotações!G43 -> 16979.043 | H80: 21223.8 | I80: =H80*E80 -> 21223.8
D83: Total Geral com BDI (25%) | I83: =SUM(I12:I82) -> 919991.93
A85: Disposições complementares e itens não contemplados na sinapi | C85: Determinados elementos previstos no projeto arquitetônico não possuem correspondência direta na Tabela SINAPI, em função de suas características específicas, personalizadas ou de natureza predominantemente estética, mobiliária, tecnológica ou de fornecimento especial. Enquadram-se nessa condição, dentre outros, os seguintes itens: Sistema de tela tensionada no teto do plenário; Luminárias decorativas com especificação comercial, incluindo pendentes, fitas de LED e luminárias especiais; Mobiliário sob medida e elementos de marcenaria, como bancadas, aparadores, painéis em MDF, estruturas curvas e portas mimetizadas; Elementos arquitetônicos de acabamento diferenciado, incluindo painéis ripados, vazados e revestimentos decorativos; Forros e acabamentos especiais em MDF e sistemas integrados de iluminação e revestimento; Equipamentos e mobiliários diversos, como cadeiras, poltronas e itens de ambientação; Equipamentos eletroeletrônicos e utilidades (televisores, purificadores, cafeteiras, entre outros); Elementos de comunicação visual e identidade institucional, como totens, placas indicativas e brasões; Objetos decorativos e itens de composição estética do ambiente. Tais itens não são contemplados na base SINAPI por não se tratarem de serviços padronizados de engenharia civil, mas sim de componentes definidos em projeto arquitetônico, frequentemente associados a fornecedores específicos, marcas, acabamentos diferenciados ou soluções técnicas exclusivas. Dessa forma, sua definição, especificação e quantificação deverão ser verificadas e validadas conforme: Projeto arquitetônico executivo; Memorial descritivo da obra; Detalhamentos técnicos fornecidos pelo responsável pelo projeto; Estudos complementares de interiores e ambientação. Para fins de orçamento e execução, estes itens deverão: Ser previamente analisados e aprovados pelo responsável técnico e/ou autor do projeto arquitetônico; Ser compatibilizados com as demais disciplinas envolvidas (estrutura, elétrica, gesso, entre outras); Ter seus custos definidos com base em levantamento específico, cotações de mercado ou composição própria, quando aplicável. A adoção dessas diretrizes assegura que o orçamento mantenha a conformidade com a base SINAPI para os serviços de engenharia, ao mesmo tempo em que preserva a fidelidade ao projeto arquitetônico proposto, garantindo coerência técnica, rastreabilidade dos custos e segurança para execução e fiscalização da obra.
D87: OURO FINO, 11/08/2026
D93: _________________________________________________ | F93: _________________________________________________
D94: Clóvis Coldibeli | F94: Aline Parizatto Brombrim
D95: Presidente da Câmara | F95: Arquiteta
D96: 25.652.371/0001-89 | F96: SI16391083l00CT001

Sheet Memoria de Cálculo
A2: PLANILHA DE MEMÓRIA DE CÁLCULO
A3: Obra: | C3: Câmara Municipal de Ouro Fino
A4: Endereço: | C4: Rua Rogério Gissoni 450, Ouro Fino, MG - CEP 37570-000
A5: Objeto | C5: Reforma do plenário, recepção e corredor – adequação arquitetônica, civil e instalações.
A6: Descrição dos Serviços | C6: A presente Planilha de Memória de Cálculo foi elaborada com a finalidade de demonstrar os critérios, quantitativos e metodologias adotados para o levantamento dos itens que compõem o orçamento da reforma e modernização do plenário, recepção e áreas de circulação. A memória de cálculo apresenta o detalhamento das medições realizadas com base nos projetos arquitetônicos, complementares e especificações técnicas, servindo como suporte para a definição das quantidades previstas na planilha orçamentária e na planilha de composição de orçamentos.
A7: Critérios de Orçamentação | C7: A elaboração da presente Memória de Cálculo observou critérios técnicos de quantificação baseados nos projetos executivos, detalhamentos arquitetônicos, especificações técnicas e levantamentos realizados para a reforma e modernização dos ambientes contemplados.
A8: Referência: | C8: 21 unidades de pranchas do projeto arquitetônico executivo técnico, DEZ/2025.
A10: ITEM | B10: CÓDIGO | C10: CÁLCULO | E10: QUANT. | F10: UNID.
A11: 1 | B11: DEMOLIÇÕES E REMOÇÕES
A12: 1.1 | B12: 97633 | C12: DEMOLIÇÃO DE REVESTIMENTO CERÂMICO, DE FORMA MANUAL, SEM REAPROVEITAMENTO. AF_09/2023 | D12: REVESTIMENTO DO PISO PLENÁRIO, RECEPÇÃO E CORREDOR - conforme proj Arq folha 03/21 | E12: 213.5 | F12: m² | H12: =#REF!+#REF! -> #REF!
A13: 1.2 | B13: 97624 | C13: DEMOLIÇÃO DE ALVENARIA DE TIJOLO MACIÇO, DE FORMA MANUAL, SEM REAPROVEITAMENTO. AF_09/2023 | D13: DEMOLIÇÃO DA PARTE FRONTAL DO PALCO DO PLENÁRIO - conforme proj Arq folha 02/21 | E13: 4.87 | F13: m³ | H13: =#REF!+#REF! -> #REF!
A14: 1.3 | B14: 97633 | C14: DEMOLIÇÃO DE REVESTIMENTO CERÂMICO, DE FORMA MANUAL, SEM REAPROVEITAMENTO. AF_09/2023 | D14: DEMOLIÇÃO E REBAIXAMENTO DE 25CM DO PISO DO PALCO DO PLENÁRIO - conforme proj Arq folha 03/21 | E14: 57.52 | F14: m² | H14: =#REF!+#REF! -> #REF!
A15: 1.4 | B15: 88269 | C15: GESSEIRO COM ENCARGOS COMPLEMENTARES | D15: DEMOLIÇÃO DE FORRO DE GESSO DO PALCO PLENÁRIO - conforme proj Arq folha 03/21 | E15: 4 | F15: h | H15: =#REF!+#REF! -> #REF!
A16: 1.5 | B16: 88316 | C16: SERVENTE COM ENCARGOS COMPLEMENTARES | D16: DEMOLIÇÃO DE FORRO DE GESSO E MOLDURAS DA RECEPÇÃO, PLENARIO E CORREDOR - conforme proj Arq folha 03/21 | E16: 4 | F16: h | H16: =#REF!+#REF! -> #REF!
A17: 1.6 | B17: 97644 | C17: REMOÇÃO DE PORTAS, DE FORMA MANUAL, SEM REAPROVEITAMENTO. AF_09/2023 | D17: REMOÇAO DE PORTAS E BATENTES PLENÁRIO DE RECEPÇÃO 11 UNIDADES - conforme proj Arq folha 03/21 | E17: 27.72 | F17: m² | H17: =#REF!+#REF! -> #REF!
A18: 1.7 | B18: 103329 | C18: ALVENARIA DE VEDAÇÃO DE BLOCOS CERÂMICOS FURADOS NA HORIZONTAL DE 9X19X19 CM (ESPESSURA 9 CM) E ARGAMASSA DE ASSENTAMENTO COM PREPARO MANUAL. AF_12/2021 | D18: REQUADRO DE ALVENARIA NA PAREDE DAS PORTAS RETIRADAS - conforme proj Arq folha 03/21 | E18: 25 | F18: m² | H18: =#REF!+#REF! -> #REF!
A19: 1.8 | B19: 97633 | C19: DEMOLIÇÃO DE REVESTIMENTO , DE FORMA MANUAL, SEM REAPROVEITAMENTO. AF_09/2023 | D19: REMOÇÃO DE DETALHE FIXO DA PAREDE DO PLENÁRIO ( parede fundo de 8,45x3m ) | E19: 25.35 | F19: m² | H19: =#REF!+#REF! -> #REF!
A20: 1.9 | B20: 106122 | C20: REMOÇÃO DE ENTULHO CLASSE A (ALVENARIA, CONCRETO, ARGAMASSAS E CERÂMICOS) POR DUTO DE ENTULHO E ACONDICIONAMENTO FINAL EM CAÇAMBA ESTACIONÁRIA. EXCLUSO FRETE. AF_09/2025 | D20: CARGA MANUAL DE ENTULHO PISO: 240m2 X 0,10 = 42M3 PAREDE (DESCASCAR): 8,45m X 0,05 = 24M2 | E20: 66 | F20: m³ | H20: =#REF!+#REF! -> #REF!
A21: 1.10 | B21: 97914 | C21: TRANSPORTE COM CAMINHÃO BASCULANTE DE 6 M³, EM VIA URBANA PAVIMENTADA, DMT ATÉ 30 KM (UNIDADE: M3XKM). AF_02/2026 | D21: TRANSPORTE DE ENTULHO ( 150m3/6m3= 25 caminhões ) | E21: 150 | F21: m³xkm | H21: =#REF!+#REF! -> #REF!
A22: 2 | B22: BASE/CIVIL | H22: =#REF!+#REF! -> #REF!
A23: 2.1 | B23: 87700 | C23: CONTRAPISO EM ARGAMASSA TRAÇO 1:4 (CIMENTO E AREIA), PREPARO MECÂNICO COM BETONEIRA 400 L, APLICADO EM ÁREAS SECAS SOBRE LAJE, NÃO ADERIDO, ACABAMENTO NÃO REFORÇADO, ESPESSURA 6CM. AF_07/2021 | D23: CONSTRUÇÃO DE BASE TIPO TABLADO, BAIXA EM FORMATO DE COROA CIRCULAR ( ANEL PARCIAL ) 3,36X1,54M - conforme/igual proj Arq de marcenaria folha 11/21 | E23: 5.5 | F23: m² | H23: =#REF!+#REF! -> #REF!
A24: 2.2 | B24: 87700 | C24: CONTRAPISO EM ARGAMASSA TRAÇO 1:4 (CIMENTO E AREIA), PREPARO MECÂNICO COM BETONEIRA 400 L, APLICADO EM ÁREAS SECAS SOBRE LAJE, NÃO ADERIDO, ACABAMENTO NÃO REFORÇADO, ESPESSURA 6CM. AF_07/2021 | D24: CONSTRUÇÃO DE BASE CONFORME ELEMENTO CURVO EM ARCO DE ACABAMENTO NIVELADO AO PALCO PARA TRIBUNA - conforme/igual proj Arq de marcenaria folha 15/21 | E24: 5.17 | F24: m² | H24: =#REF!+#REF! -> #REF!
A25: 2.3 | B25: 87700 | C25: CONTRAPISO EM ARGAMASSA TRAÇO 1:4 (CIMENTO E AREIA), PREPARO MECÂNICO COM BETONEIRA 400 L, APLICADO EM ÁREAS SECAS SOBRE LAJE, NÃO ADERIDO, ACABAMENTO NÃO REFORÇADO, ESPESSURA 6CM. AF_07/2021 | D25: NIVELAMENTO E INTERLIGAÇÃO DE RAMPA DE ACESSO P/ PALCO PLENARIO, DIMENSAO 4X0,94M | E25: 3.76 | F25: m² | H25: =#REF!+#REF! -> #REF!
A26: 2.4 | B26: 87700 | C26: CONTRAPISO EM ARGAMASSA TRAÇO 1:4 (CIMENTO E AREIA), PREPARO MECÂNICO COM BETONEIRA 400 L, APLICADO EM ÁREAS SECAS SOBRE LAJE, NÃO ADERIDO, ACABAMENTO NÃO REFORÇADO, ESPESSURA 6CM. AF_07/2021 | D26: NIVELAMENTO DE PISO DEMOLIDO DO PLENÁRIO, RECEPÇÃO E CORREDOR - conforme proj Arq folha 03/21 | E26: 213.5 | F26: m² | H26: =#REF!+#REF! -> #REF!
A27: 3 | B27: REVESTIMENTOS | H27: =#REF!+#REF! -> #REF!
A28: 3.1 | B28: 104596 | C28: REVESTIMENTO CERÂMICO PARA PISO COM PLACAS TIPO PORCELANATO DE DIMENSÕES 80X80 CM APLICADA EM AMBIENTES DE ÁREA MENOR QUE 5 M². AF_02/2023_PE | D28: ASSENTAMENTO DE REVESTIMENTO CERAMICO + RODAPÉ 15cm | E28: ='Memoria de Cálculo'!E28 -> 180 | F28: m² | H28: =#REF!+#REF! -> #REF!
A29: 3.2 | B29: 101731 | C29: PISO EM PEDRA ASSENTADO SOBRE ARGAMASSA 1:3 (CIMENTO E AREIA). AF_02/2026 | D29: ASSENTAMENTO DE PEDRA NATURAL DE 1,2X1,2m NO PISO DO PLENÁRIO conforme folha 03/21 do Proj Arq | E29: 57.62 | F29: m² | H29: =#REF!+#REF! -> #REF!
A30: 3.3 | B30: 101731 | C30: PISO EM PEDRA ASSENTADO SOBRE ARGAMASSA 1:3 (CIMENTO E AREIA). AF_02/2026 | D30: CHUMBAR PEDRA NATURAL DE 0,25X1,2m NA FRENTE DO PALCO, fazendo a Meia Esquadria das peças - 45 graus | E30: ='Memoria de Cálculo'!E30 -> 2 | F30: m² | H30: =#REF!+#REF! -> #REF!
A31: 3.4 | B31: 101731 | C31: PISO EM PEDRA ASSENTADO SOBRE ARGAMASSA 1:3 (CIMENTO E AREIA). AF_02/2026 | D31: ASSENTAMENTO DE PEDRA NATURAL EM PAREDES 40,6X61cm conforme indiação na folha 03/21 do Proj Arq | E31: ='Memoria de Cálculo'!E31 -> 23 | F31: m² | H31: =#REF!+#REF! -> #REF!
A32: 4 | B32: CORTES / ADAPTAÇÕES | H32: =#REF!+#REF! -> #REF!
A33: 4.1 | B33: 97628 | C33: DEMOLIÇÃO DE LAJES, EM CONCRETO ARMADO, DE FORMA MANUAL, SEM REAPROVEITAMENTO. AF_09/2023 | D33: CORTAR LAGE E REBOCAR P NOVA ILUMINAÇÃO EM NO TETO DE LAGE PLENÁRIO | E33: ='Memoria de Cálculo'!E33 -> 20 | F33: m³ | H33: =#REF!+#REF! -> #REF!
A34: 4.2 | B34: 97624 | C34: DEMOLIÇÃO DE ALVENARIA DE TIJOLO MACIÇO, DE FORMA MANUAL, SEM REAPROVEITAMENTO. AF_09/2023 | D34: CORTAR PAREDE NA RECEPÇÃO PARA NOVO PONTO DE TV | E34: ='Memoria de Cálculo'!E34 -> 2 | F34: m² | H34: =#REF!+#REF! -> #REF!
A35: 4.3 | B35: 97633 | C35: DEMOLIÇÃO DE REVESTIMENTO CERÂMICO, DE FORMA MANUAL, SEM REAPROVEITAMENTO. AF_09/2023 | D35: CORTAR PISO NA RECEPÇÃO PARA NOVO PONTO DE ELÉTRICA BALCÃO DE ATENDIMENTO | E35: 1 | F35: m² | H35: =#REF!+#REF! -> #REF!
A36: 4.4 | B36: 97624 | C36: DEMOLIÇÃO DE ALVENARIA DE TIJOLO MACIÇO, DE FORMA MANUAL, SEM REAPROVEITAMENTO. AF_09/2023 | D36: CORTAR PAREDE NA RECEPÇÃO PARA NOVO PONTO DE ELÉTRICA P PORTA | E36: ='Memoria de Cálculo'!E36 -> 3 | F36: m² | H36: =#REF!+#REF! -> #REF!
A37: 4.5 | B37: 88267 | C37: ENCANADOR OU BOMBEIRO HIDRÁULICO COM ENCARGOS COMPLEMENTARES | D37: CORTAR E REALOCAR PONTO DE ÁGUA E ESGOTO DA RECEPÇÃO | E37: 6 | F37: H | H37: =#REF!+#REF! -> #REF!
A38: 4.6 | B38: 89356 | C38: TUBO, PVC, SOLDÁVEL, DE 25MM, INSTALADO EM RAMAL OU SUB-RAMAL DE ÁGUA - FORNECIMENTO E INSTALAÇÃO. AF_06/2022 | D38: CORTAR E REALOCAR PONTO DE ÁGUA E ESGOTO DA RECEPÇÃO | E38: 5 | F38: m | H38: =#REF!+#REF! -> #REF!
A39: 4.7 | B39: 89362 | C39: JOELHO 90 GRAUS, PVC, SOLDÁVEL, DN 25MM, INSTALADO EM RAMAL OU SUB-RAMAL DE ÁGUA - FORNECIMENTO E INSTALAÇÃO. AF_06/2022 | D39: CORTAR E REALOCAR PONTO DE ÁGUA E ESGOTO DA RECEPÇÃO | E39: 8 | F39: un. | H39: =#REF!+#REF! -> #REF!
A40: 4.8 | B40: 89714 | C40: TUBO PVC, SERIE NORMAL, ESGOTO PREDIAL, DN 100 MM, FORNECIDO E INSTALADO EM RAMAL DE DESCARGA OU RAMAL DE ESGOTO SANITÁRIO. AF_08/2022 | D40: CORTAR E REALOCAR PONTO DE ÁGUA E ESGOTO DA RECEPÇÃO | E40: 5 | F40: m | H40: =#REF!+#REF! -> #REF!
A41: 4.9 | B41: 89726 | C41: JOELHO 45 GRAUS, PVC, SERIE NORMAL, ESGOTO PREDIAL, DN 40 MM, JUNTA SOLDÁVEL, FORNECIDO E INSTALADO EM RAMAL DE DESCARGA OU RAMAL DE ESGOTO SANITÁRIO. AF_08/2022 | D41: CORTAR E REALOCAR PONTO DE ÁGUA E ESGOTO DA RECEPÇÃO | E41: ='Memoria de Cálculo'!E41 -> 8 | F41: un. | H41: =#REF!+#REF! -> #REF!
A42: 5 | B42: ELÉTRICA | H42: =#REF!+#REF! -> #REF!
A43: 5.1 | B43: 97665 | C43: REMOÇÃO DE LUMINÁRIAS, DE FORMA MANUAL, SEM REAPROVEITAMENTO. AF_09/2023 | D43: REMOÇÃO DE LUMINÁRIAS NA RECEPÇÃO, PLENÁRIO E CORREDOR ATÉ PORTA VIDRO | E43: ='Memoria de Cálculo'!E43 -> 26 | F43: un. | H43: =#REF!+#REF! -> #REF!
A44: 5.2 | B44: 88264 | C44: ELETRICISTA COM ENCARGOS COMPLEMENTARES | D44: DESINSTALAÇÃO DE TELEVISOR, CAMERA, PROJETOR E TELA | E44: ='Memoria de Cálculo'!E44 -> 12 | F44: h | H44: =#REF!+#REF! -> #REF!
A45: 5.3 | B45: 88247 | C45: AUXILIAR DE ELETRICISTA COM ENCARGOS COMPLEMENTARES | D45: DESINSTALAÇÃO DE TELEVISOR, CAMERA, PROJETOR E TELA | E45: ='Memoria de Cálculo'!E45 -> 12 | F45: h | H45: =#REF!+#REF! -> #REF!
A46: 5.4 | B46: 97662 | C46: REMOÇÃO DE INTERRUPTORES/TOMADAS ELÉTRICAS, DE FORMA MANUAL, SEM REAPROVEITAMENTO. AF_09/2023 | D46: DESINSTALAR TECLAS E INTERRUPTORES DA RECEPÇÃO, CORREDOR E PLENÁRIO | E46: ='Memoria de Cálculo'!E46 -> 16 | F46: un. | H46: =#REF!+#REF! -> #REF!
A47: 5.5 | B47: 92025 | C47: INTERRUPTOR SIMPLES (1 MÓDULO) COM 2 TOMADAS DE EMBUTIR 2P+T 10 A, INCLUINDO SUPORTE E PLACA - FORNECIMENTO E INSTALAÇÃO. AF_03/2023 | D47: INSTALAR NOVAS TECLAS E INTERRUPTORES DA RECEPÇÃO, CORREDOR E PLENÁRIO | E47: ='Memoria de Cálculo'!E47 -> 16 | F47: un. | H47: =#REF!+#REF! -> #REF!
A48: 5.6 | B48: 92020 | C48: TOMADA BAIXA DE EMBUTIR (6 MÓDULOS), 2P+T 10 A, SEM SUPORTE E SEM PLACA - FORNECIMENTO E INSTALAÇÃO. AF_03/2023 | D48: REALOCAR PONTOS ELÉTRICOS NO PISO DO BALCÃO DE ATENDIMENTO | E48: ='Memoria de Cálculo'!E48 -> 5 | F48: un. | H48: =#REF!+#REF! -> #REF!
A49: 5.7 | B49: 88264 | C49: ELETRICISTA COM ENCARGOS COMPLEMENTARES | D49: FAZER NOVA ELÉTRICA NA PORTA DE ENTRADA DA RECEPÇÃO P PORTA AUTOMATICA | E49: ='Memoria de Cálculo'!E49 -> 6 | F49: h | H49: =#REF!+#REF! -> #REF!
A50: 5.8 | B50: 88264 | C50: ELETRICISTA COM ENCARGOS COMPLEMENTARES | D50: FAZER NOVA ELÉTRICA PONTO DE TV | E50: ='Memoria de Cálculo'!E50 -> 3 | F50: h | H50: =#REF!+#REF! -> #REF!
A51: 5.9 | B51: 88264 | C51: ELETRICISTA COM ENCARGOS COMPLEMENTARES | D51: EXECUÇÃO DE SISTEMA DE ILUMINAÇÃO INTERNA, CONTEMPLANDO REALOCAÇÃO DE PONTOS ELÉTRICOS E INSTALAÇÃO DE LUMINÁRIAS (SPOTS, PENDENTES, DOWNLIGHTS E FITAS DE LED) EM TETO DE GESSO E SANCAS, COM FORNECIMENTO E INSTALAÇÃO. | E51: ='Memoria de Cálculo'!E51 -> 90 | F51: h | H51: =#REF!+#REF! -> #REF!
A52: 5.10 | B52: 88247 | C52: AUXILIAR DE ELETRICISTA COM ENCARGOS COMPLEMENTARES | D52: EXECUÇÃO DE SISTEMA DE ILUMINAÇÃO INTERNA, CONTEMPLANDO REALOCAÇÃO DE PONTOS ELÉTRICOS E INSTALAÇÃO DE LUMINÁRIAS (SPOTS, PENDENTES, DOWNLIGHTS E FITAS DE LED) EM TETO DE GESSO E SANCAS, COM FORNECIMENTO E INSTALAÇÃO. | E52: ='Memoria de Cálculo'!E52 -> 90 | F52: h | H52: =#REF!+#REF! -> #REF!
A53: 5.11 | B53: 91926 | C53: CABO DE COBRE FLEXÍVEL ISOLADO, 2,5 MM², ANTI-CHAMA 450/750 V, PARA CIRCUITOS TERMINAIS - FORNECIMENTO E INSTALAÇÃO. AF_03/2023 | D53: EXECUÇÃO DE SISTEMA DE ILUMINAÇÃO INTERNA, CONTEMPLANDO REALOCAÇÃO DE PONTOS ELÉTRICOS E INSTALAÇÃO DE LUMINÁRIAS (SPOTS, PENDENTES, DOWNLIGHTS E FITAS DE LED) EM TETO DE GESSO E SANCAS, COM FORNECIMENTO E INSTALAÇÃO. | E53: ='Memoria de Cálculo'!E53 -> 300 | F53: m | H53: =#REF!+#REF! -> #REF!
A54: 5.12 | B54: 103782 | C54: LUMINÁRIA TIPO PLAFON CIRCULAR, DE SOBREPOR, COM LED DE 12/13 W - FORNECIMENTO E INSTALAÇÃO. AF_09/2024 | D54: EXECUÇÃO DE SISTEMA DE ILUMINAÇÃO INTERNA, CONTEMPLANDO REALOCAÇÃO DE PONTOS ELÉTRICOS E INSTALAÇÃO DE LUMINÁRIAS (SPOTS, PENDENTES, DOWNLIGHTS E FITAS DE LED) EM TETO DE GESSO E SANCAS, COM FORNECIMENTO E INSTALAÇÃO. | E54: ='Memoria de Cálculo'!E54 -> 46 | F54: un. | H54: =#REF!+#REF! -> #REF!
A55: 6 | B55: GESSO / FORRO | H55: =#REF!+#REF! -> #REF!
A56: 6.1 | B56: 94114 | C56: FORRO EM DRYWALL, PARA AMBIENTES COMERCIAIS, INCLUSIVE ESTRUTURA BIRECIONAL DE FIXAÇÃO. AF_08/2023_PS | D56: REBAIXO DE FORRO DE GESSO COM PLACA DE DRYWALL NA RECEPÇÃO E CORREDOR | E56: 51.37 | F56: m² | H56: =#REF!+#REF! -> #REF!
A57: 6.2 | B57: 96114 | C57: FORRO EM DRYWALL, PARA AMBIENTES COMERCIAIS, INCLUSIVE ESTRUTURA BIRECIONAL DE FIXAÇÃO. AF_08/2023_PS | D57: SANCA DE GESSO LINEAR NAS LATERAIS DA RECEPÇÃO E CORREDOR | E57: 26.98 | F57: m² | H57: =#REF!+#REF! -> #REF!
A58: 6.3 | B58: 96113 | C58: FORRO EM DRYWALL, PARA AMBIENTES COMERCIAIS, INCLUSIVE ESTRUTURA BIRECIONAL DE FIXAÇÃO. AF_08/2023_PS | D58: REBAIXO DE GESSO COM NICHO CIRCULAR NO TETO DO PALCO COM REFORÇO P MEBRANA | E58: 57.52 | F58: m² | H58: =#REF!+#REF! -> #REF!
A59: 6.4 | B59: 87547 | C59: APLICAÇÃO MANUAL DE GESSO DESEMPENADO (SEM TALISCAS) EM TETO DE AMBIENTES COM PAREDES EM PÉ DIREITO DUPLO E ÁREA MENOR QUE 5M², ESPESSURA DE 1,0CM. AF_03/2023 | D59: REBOCO FINO DE GESSO NO TETO DO PLENÁRIO PARA PINTURA E MARCENARIA | E59: 125.32 | F59: m² | H59: =#REF!+#REF! -> #REF!
A60: 6.5 | B60: 87547 | C60: APLICAÇÃO MANUAL DE GESSO SARRAFEADO (COM TALISCAS) EM PAREDES COM PÉ DIREITO DUPLO, ESPESSURA DE 1,5CM. AF_03/2023 | D60: REBOCO FINO DE GESSO NAS PAREDES DO PLENÁRIO A SEREM PINTADAS | E60: 139 | F60: m² | H60: =#REF!+#REF! -> #REF!
A61: 7 | B61: ESQUADRIAS | H61: =#REF!+#REF! -> #REF!
A62: 7.1 | B62: 100702 | C62: PORTA DE CORRER DE ALUMÍNIO, COM DUAS FOLHAS PARA VIDRO, INCLUSO VIDRO LISO INCOLOR, FECHADURA E PUXADOR, SEM ALIZAR. AF_10/2025 | D62: PORTA EM ESQUADRIA DE ALUMINIO INOX E VIDRO REFLETA PRATA DE CORRER | E62: ='Memoria de Cálculo'!E62 -> 12.6 | F62: m² | H62: =#REF!+#REF! -> #REF!
A63: 7.2 | B63: 94805 | C63: PORTA DE ALUMÍNIO DE ABRIR PARA VIDRO SEM GUARNIÇÃO, 87X210CM, FIXAÇÃO COM PARAFUSOS, INCLUSIVE VIDROS - FORNECIMENTO E INSTALAÇÃO. AF_10/2025 | D63: PORTA EM ESQUADRIA DE ALUMINIO INOX E VIDRO REFLETA PRATA DE SAIDA DE EMERGENCIA | E63: ='Memoria de Cálculo'!E63 -> 1 | F63: un. | H63: =#REF!+#REF! -> #REF!
A64: 7.3 | B64: 88315 | C64: MONTADOR DE ESTRUTURAS METÁLICAS COM ENCARGOS COMPLEMENTARES | D64: BRISES EM ALUMINIO ACABAMENTO FOSCO | E64: ='Memoria de Cálculo'!E64 -> 24 | F64: H | H64: =#REF!+#REF! -> #REF!
A65: 7.4 | B65: 88251 | C65: AUXILIAR DE SERRALHEIRO COM ENCARGOS COMPLEMENTARES | D65: BRISES EM ALUMINIO ACABAMENTO FOSCO | E65: ='Memoria de Cálculo'!E65 -> 24 | F65: H | H65: =#REF!+#REF! -> #REF!
A66: 7.5 | B66: 34360 | C66: PERFIL DE ALUMINIO ANODIZADO (KG) | D66: BRISES EM ALUMINIO ACABAMENTO FOSCO | E66: ='Memoria de Cálculo'!E66 -> 320 | F66: KG | H66: =#REF!+#REF! -> #REF!
A67: 8 | B67: PINTURA | H67: =#REF!+#REF! -> #REF!
A68: 8.1 | B68: 88489 | C68: PINTURA LÁTEX ACRÍLICA PREMIUM, APLICAÇÃO MANUAL EM PAREDES, DUAS DEMÃOS. AF_04/2023 | D68: PINTURA INTERNA PAREDE PLENÁRIO COR CINZA CLARO | E68: 139 | F68: m² | H68: =#REF!+#REF! -> #REF!
A69: 8.2 | B69: 88488 | C69: PINTURA LÁTEX ACRÍLICA PREMIUM, APLICAÇÃO MANUAL EM TETO, DUAS DEMÃOS. AF_04/2023 | D69: PINTURA INTERNA TETO PLENÁRIO RECEPÇÃO E CORREDOR - COR BRANCO | E69: 213.5 | F69: m² | H69: =#REF!+#REF! -> #REF!
A70: 9 | B70: SERVIÇOS PRELIMINARES / ADMINISTRAÇÃO | H70: =#REF!+#REF! -> #REF!
A71: 9.1 | B71: 103689 | C71: FORNECIMENTO E INSTALAÇÃO DE PLACA DE OBRA COM CHAPA GALVANIZADA E ESTRUTURA DE MADEIRA. AF_03/2022_PS | D71: Placa de obra | E71: 2.88 | F71: m² | H71: =#REF!+#REF! -> #REF!
A72: 9.2 | B72: 90778 | C72: ENGENHEIRO CIVIL DE OBRA PLENO COM ENCARGOS COMPLEMENTARES | D72: Engenheiro civil pleno | E72: 88 | F72: h | H72: =#REF!+#REF! -> #REF!
A73: 9.3 | B73: 90776 | C73: ENCARREGADO GERAL COM ENCARGOS COMPLEMENTARES | D73: Encarregado Geral | E73: 600 | F73: h | H73: =#REF!+#REF! -> #REF!
C75: OURO FINO, 11/08/2026
C81: _____________________________________ | D81: ________________________________
C82: Clóvis Coldibeli | D82: Aline Parizatto Brombrim
C83: Presidente da Câmara | D83: Arquiteta
C84: 25.652.371/0001-89 | D84: SI16391083l00CT001

Sheet Cronograma Físico Financeiro
B1: =DADOS!F16 -> REFORMA DA CAMARA MUNICIPAL DE OURO FINO - MG
A3: CRONOGRAMA FÍSICO - FINANCEIRO
A5: ='[3]Planilha Orcamentaria'!A5 -> INSTITUIÇÃO: | B5: =Cotações!B3 -> Câmara Municipal de Ouro Fino
A6: ='[3]Planilha Orcamentaria'!A6 -> OBRA: | B6: =B1 -> REFORMA DA CAMARA MUNICIPAL DE OURO FINO - MG
A7: ='[3]Planilha Orcamentaria'!A7:D7 -> LOCAL: | B7: {='Memoria de Cálculo'!C4:F4} -> Rua Rogério Gissoni 450, Ouro Fino, MG - CEP 37570-000 | C7: 0 | D7: 0 | E7: 0
A8: ='[3]Planilha Orcamentaria'!A8 -> FONTES: | B8: =DADOS!F19 -> 45809
A9: ='[3]Planilha Orcamentaria'!A9:C9 -> PRAZO DE EXECUÇÃO:
A13: Item | B13: Discriminação | C13: Valor | D13: Parcela 1 | E13: Parcela 2 | F13: Parcela 3 | G13: Parcela 4 | H13: Parcela 5 | I13: Parcela 6 | J13: Total
A14: ='Planilha Orçamentária'!A11 -> 1 | B14: ='Planilha Orçamentária'!B11 -> DEMOLIÇÕES E REMOÇÕES | C14: =SUM('Planilha Orçamentária'!I12:I21) -> 22677.964 | D14: 1 | J14: =SUM(D15:I15) -> 22677.964
D15: =D14*$C14 -> 22677.964
A16: ='Planilha Orçamentária'!A22 -> 2 | B16: ='Planilha Orçamentária'!B22 -> BASE/CIVIL | C16: =SUM('Planilha Orçamentária'!I23:I26) -> 17892.505 | D16: 0.8 | E16: 0.2 | J16: =SUM(D17:I17) -> 17892.505
D17: =D16*$C16 -> 14314.004 | E17: =E16*$C16 -> 3578.501
A18: ='Planilha Orçamentária'!A27 -> 3 | B18: ='Planilha Orçamentária'!B27 -> REVESTIMENTOS | C18: =SUM('Planilha Orçamentária'!I28:I31) -> 73925.782 | D18: 0.3 | E18: 0.7 | J18: =SUM(D19:I19) -> 73925.782
D19: =D18*$C18 -> 22177.735 | E19: =E18*$C18 -> 51748.048
A20: ='Planilha Orçamentária'!A32 -> 4 | B20: ='Planilha Orçamentária'!B32 -> CORTES / ADAPTAÇÕES | C20: =SUM('Planilha Orçamentária'!I33:I41) -> 9515.02 | D20: 0.3 | E20: 0.7 | J20: =SUM(D21:I21) -> 9515.02
D21: =D20*$C20 -> 2854.506 | E21: =E20*$C20 -> 6660.514
A22: ='Planilha Orçamentária'!A42 -> 5 | B22: ='Planilha Orçamentária'!B42 -> ELÉTRICA | C22: =SUM('Planilha Orçamentária'!I43:I54) -> 14557.61 | E22: 0.5 | F22: 0.35 | G22: 0.1 | H22: 0.05 | J22: =SUM(D23:I23) -> 14557.61
E23: =E22*$C22 -> 7278.805 | F23: =F22*$C22 -> 5095.1635 | G23: =G22*$C22 -> 1455.761 | H23: =H22*$C22 -> 727.8805
A24: ='Planilha Orçamentária'!A55 -> 6 | B24: ='Planilha Orçamentária'!B55 -> GESSO / FORRO | C24: =SUM('Planilha Orçamentária'!I56:I60) -> 34197.088 | E24: 0.2 | F24: 0.45 | G24: 0.2 | H24: 0.15 | J24: =SUM(D25:I25) -> 34197.088
E25: =E24*$C24 -> 6839.4175 | F25: =F24*$C24 -> 15388.689 | G25: =G24*$C24 -> 6839.4175 | H25: =H24*$C24 -> 5129.5631
A26: ='Planilha Orçamentária'!A61 -> 7 | B26: ='Planilha Orçamentária'!B61 -> ESQUADRIAS | C26: =SUM('Planilha Orçamentária'!I62:I66) -> 39367.57 | F26: 0.5 | G26: 0.5 | J26: =SUM(D27:I27) -> 39367.57
F27: =F26*$C26 -> 19683.785 | G27: =G26*$C26 -> 19683.785
A28: ='Planilha Orçamentária'!A67 -> 8 | B28: ='Planilha Orçamentária'!B67 -> PINTURA | C28: =SUM('Planilha Orçamentária'!I68:I69) -> 7315.715 | H28: 0.5 | I28: 0.5 | J28: =SUM(D29:I29) -> 7315.715
H29: =H28*$C28 -> 3657.8575 | I29: =I28*$C28 -> 3657.8575
A30: ='Planilha Orçamentária'!A70 -> 9 | B30: ='Planilha Orçamentária'!B70 -> SERVIÇOS PRELIMINARES / ADMINISTRAÇÃO | C30: =SUM('Planilha Orçamentária'!I71:I73) -> 63671.827 | D30: 0.057532861 | E30: 0.14957092 | F30: 0.19835005 | G30: 0.18534905 | H30: 0.16810797 | I30: 0.24108916 | J30: =SUM(D31:I31) -> 63671.827
D31: =D30*$C30 -> 3663.2224 | E31: =E30*$C30 -> 9523.4535 | F31: =F30*$C30 -> 12629.31 | G31: =G30*$C30 -> 11801.513 | H31: =H30*$C30 -> 10703.742 | I31: =I30*$C30 -> 15350.587
A32: ='Planilha Orçamentária'!A74 -> 10 | B32: ='Planilha Orçamentária'!B74 -> COTAÇÕES | C32: =SUM('Planilha Orçamentária'!I75:I80) -> 636870.85 | E32: 0.1 | F32: 0.2 | G32: 0.2 | H32: 0.2 | I32: 0.3 | J32: =SUM(D33:I33) -> 636870.85
E33: =E32*$C32 -> 63687.085 | F33: =F32*$C32 -> 127374.17 | G33: =G32*$C32 -> 127374.17 | H33: =H32*$C32 -> 127374.17 | I33: =I32*$C32 -> 191061.26
A34: Total | D34: =D15+D17+D19+D21+D23+D25+D27+D29+D31+D33 -> 65687.431 | E34: =E15+E17+E19+E21+E23+E25+E27+E29+E31+E33 -> 149315.82 | F34: =F15+F17+F19+F21+F23+F25+F27+F29+F31+F33 -> 180171.12 | G34: =G15+G17+G19+G21+G23+G25+G27+G29+G31+G33 -> 167154.65 | H34: =H15+H17+H19+H21+H23+H25+H27+H29+H31+H33 -> 147593.21 | I34: =I15+I17+I19+I21+I23+I25+I27+I29+I31+I33 -> 210069.7 | J34: =SUM(J14:J33) -> 919991.93
C35: 1144351.4 | D35: =D34/$C$35 -> 0.057401452 | E35: =E34/$C$35 -> 0.13048075 | F35: =F34/$C$35 -> 0.15744388 | G35: =G34/$C$35 -> 0.14606933 | H35: =H34/$C$35 -> 0.12897543 | I35: =I34/$C$35 -> 0.18357097
B37: OURO FINO, 11/08/2026
B44: =DADOS!F28 -> Clóvis Coldibeli | E44: =DADOS!F22 -> Aline Parizatto Brombrim
B45: =DADOS!F29 -> Presidente da Câmara | E45: =DADOS!F23 -> Arquiteta
B46: =DADOS!F30 -> 25.652.371/0001-89 | E46: =DADOS!F24 -> SI16391083l00CT001
D49: ='[3]Planilha Orcamentaria'!D629 -> 0
D50: ='[3]Planilha Orcamentaria'!D630 -> 0

Sheet Cotações
A2: PLANILHA DE COMPOSIÇÃO ORÇAMENTÁRIA
A3: Obra: | B3: Câmara Municipal de Ouro Fino
A4: Endereço: | B4: Rua Rogério Gissoni 450, Ouro Fino, MG - CEP 37570-000
A5: Objeto | B5: Reforma do plenário, recepção e corredor – adequação arquitetônica, civil e instalações.
A6: Descrição dos Serviços | B6: A presente Planilha de Composição de Orçamentos contempla os itens e serviços necessários para a reforma e modernização do plenário, recepção e áreas de circulação, abrangendo fornecimentos especializados que demandam pesquisa de mercado específica para composição dos custos do empreendimento. Os valores apresentados foram obtidos por meio de cotações realizadas junto a três empresas especializadas para cada item ou grupo de fornecimentos, considerando propostas formais compatíveis com as especificações técnicas e os padrões de qualidade definidos para o projeto. A planilha contempla, de forma geral: -Serviços de marcenaria sob medida, incluindo painéis, revestimentos, bancadas, balcões e demais elementos em madeira ou materiais derivados; -Serviços de marmoraria, compreendendo bancadas, aparador, revestimentos e demais peças em pedra natural ou industrializada; -Fornecimento de piso, incluindo materiais, acessórios e serviços correlatos; -Fornecimento de produtos específicos para instalações elétricas, tais como luminárias, perfis de LED, equipamentos, dispositivos e componentes especiais previstos em projeto; -Fornecimento de mobiliário corporativo e institucional, incluindo mesas, cadeiras, poltronas, balcões, estações de trabalho e demais itens especificados. A planilha tem como finalidade subsidiar a estimativa de custos e a instrução do processo de contratação, refletindo os valores obtidos mediante pesquisa de mercado realizada junto a fornecedores e empresas especializadas, em conformidade com as especificações técnicas do projeto e com os preços praticados à época da elaboração do orçamento.
A7: Critérios de Orçamentação | B7: A composição orçamentária foi elaborada a partir da análise comparativa das cotações recebidas, buscando assegurar a adequação dos preços às condições praticadas no mercado.Os quantitativos foram levantados em metros lineares (m), unidades (un) e metros quadrados (m2), conforme as características de cada item, com base nas dimensões e especificações constantes nos projetos e detalhamentos técnicos.
A8: Referência: | B8: Os valores adotados na composição orçamentária foram obtidos por meio de pesquisa de mercado realizada junto a três fornecedores ou empresas especializadas para cada item, serviço ou produto, considerando propostas compatíveis com as especificações técnicas do projeto."
A9: ITEM | B9: ORÇAMENTOS DE COMPOSIÇÃO
A10: SERVIÇOS DE MARMORARIA
A11: Fornecimento de Fornecimento de aproximadamente 70,00 m² de revestimento em pedra natural Travertino Romano Levigado em placas de 1.200 x 1.200 mm destinado ao piso do Plenário incluindo fabricação de 10 peças especiais com acabamento em meia esquadria na aresta longitudinal de 1.200 mm fabricação de 5 peças recortadas nas dimensões de 1.200 x 250 mm com acabamento em meia esquadria para revestimento vertical frontal do palanque e fornecimento de 2,50 metros lineares de filetes do mesmo material nas dimensões de 250 x 50 mm para revestimento da face frontal curva da tribuna com acabamento levigado uniforme e padronização de tonalidade e veios.
A12: 1 | B12: EMPRESA | C12: RAZÃO SOCIAL | D12: NOME FANTASIA | E12: CNPJ | F12: VALOR | G12: MÉDIA
A13: 1.1 | B13: A | C13: Marco Antonio de Freitas Bueno | D13: Marmoraria Inconfidentes | E13: 33.842.769/0001-06 | F13: 102600 | G13: =SUM(F13+F14+F15)/3 -> 135339.65
A14: 1.2 | B14: B | C14: Marmoraria Monte Siao Everton de Souza Santos LTDA | D14: Marmoraria Monte Siao | E14: 10.645.863/0001-70 | F14: 113655
A15: 1.3 | B15: C | C15: Marmoraria Rubi LTDA | D15: Marmoraria Rubi | E15: 37.768.075.0001-27 | F15: 189763.95
A16: SERVIÇOS DE MARCENARIA
A18: 2 | B18: EMPRESA | C18: RAZÃO SOCIAL | D18: NOME FANTASIA | E18: CNPJ | F18: VALOR | G18: MÉDIA
A19: 2.1 | B19: A | C19: Marcenaria New Decor Lucas de Souza Ferreira & Cia LTDA | D19: Marcenaria New Decor | E19: 27.755.690/0001-4 | F19: 252000 | G19: =SUM(F19+F20+F21)/3 -> 287666.67
A20: 2.2 | B20: B | C20: Madeireira Irmaos Ribeiro LTDA | D20: Madeireira Irmaos Ribeiro | E20: 15.088.056/0001-17 | F20: 270000
A21: 2.3 | B21: C | C21: Marcenaria & Art Rafael Augusto Silverio Garcia LTDA | D21: Marcenaria & Art | E21: 29.562.927/0001-05 | F21: 341000
A22: PRODUTOS DE ELETRICIDADE TÉCNICA
A24: 3 | B24: EMPRESA | C24: RAZÃO SOCIAL | D24: NOME FANTASIA | E24: CNPJ | F24: VALOR | G24: MÉDIA
A25: 3.1 | B25: A | C25: Rh.mk Comercio e Servicos LTDA | D25: Casa do Led | E25: 16.581.874/0001-10 | F25: 11447.1 | G25: =SUM(F25+F26+F27)/3 -> 15238.797
A26: 3.2 | B26: B | C26: Maria Alessandra Bezerra Ortega LTDA | D26: Light Decor | E26: 40.262.985/0001-48 | F26: 15802.34
A27: 3.3 | B27: C | C27: Minas Light Materiais Eletricos LTDA | D27: Minas Light | E27: 13.302.463/0001-50 | F27: 18466.95
A28: SERVIÇOS DE ILUMINAÇÃO TÉCNICA ESPECIALIZADA
A30: 4 | B30: EMPRESA | C30: RAZÃO SOCIAL | D30: NOME FANTASIA | E30: CNPJ | F30: VALOR | G30: MÉDIA
A31: 4.1 | B31: A | C31: Minas Light Materiais Eletricos LTDA | D31: Minas Light | E31: 13.302.463/0001-50 | F31: 19800 | G31: =SUM(F31+F32+F33)/3 -> 32862.52
A32: 4.2 | B32: B | C32: Limatec Instalacoes LTDA | D32: Tensoflex | E32: 48.118.380/0001-90 | F32: 28055
A33: 4.3 | B33: C | C33: Dressall Indústria de Inovação Ltda | D33: Dresshall | E33: 17.895.776/0001-10 | F33: 50732.56
A34: REVESTIMENTOS CERÂMICOS TÉCNICOS
A36: 5 | B36: EMPRESA | C36: RAZÃO SOCIAL | D36: NOME FANTASIA | E36: CNPJ | F36: VALOR | G36: MÉDIA
A37: 5.1 | B37: A | C37: QM Materiais de Acabamento para Construção LTDA | D37: Quim Mourão | E37: 53.266.383/0001-00 | F37: 18783.64 | G37: =SUM(F37+F38+F39)/3 -> 21410.007
A38: 5.2 | B38: B | C38: Brutal Revestimentos LTDA | D38: Brutal | E38: 09.128.230/0009-62 | F38: 20304
A39: 5.3 | B39: C | C39: Joel de Sousa Materiais para Construcao LTDA | D39: JS Joel de Sousa | E39: 57.372.724/0001-83 | F39: 25142.38
A40: REVESTIMENTOS DE PEDRA NATURAL
A42: 6 | B42: EMPRESA | C42: RAZÃO SOCIAL | D42: NOME FANTASIA | E42: CNPJ | F42: VALOR | G42: MÉDIA
A43: 6.1 | B43: A | C43: Brutal Revestimentos LTDA | D43: Brutal | E43: 09.128.230/0009-62 | F43: 16245.25 | G43: =SUM(F43+F44+F45)/3 -> 16979.043
A44: 6.2 | B44: B | C44: Pasinato Importação e Exportação Ltda | D44: Pasinato | E44: 01.397.137/0001-94 | F44: 17145
A45: 6.3 | B45: C | C45: Joel de Sousa Materiais para Construcao LTDA | D45: JS Joel de Sousa | E45: 57.372.724/0001-83 | F45: 17546.88
A46: MOBILIÁRIO ESPECIALIZADO - POLTRONAS TIPO AUDITÓRIO PARA O PLENÁRIO
A48: 7 | B48: EMPRESA | C48: RAZÃO SOCIAL | D48: NOME FANTASIA | E48: CNPJ | F48: VALOR | G48: MÉDIA
A49: 7.1 | B49: A | C49: Trinity Comercial & Importacao LTDA | D49: Trinity | E49: 30.499.955/0001-04 | F49: 0 | G49: =SUM(F49+F50+F51)/3 -> 0
A50: 7.2 | B50: B | C50: A2 MOVEIS LTDA | D50: Sanvel | E50: 20.684.528/0001-34 | F50: 0
A51: 7.3 | B51: C | C51: M7 COMERCIO E SERVICO LTDA | D51: M7 | E51: 46.149.327/0001-20 | F51: 0
A52: MOBILIÁRIO ESPECIALIZADO - CADEIRAS ESTOFADAS PARA A RECEPÇÃO
A54: 8 | B54: EMPRESA | C54: RAZÃO SOCIAL | D54: NOME FANTASIA | E54: CNPJ | F54: VALOR | G54: MÉDIA
A55: 8.1 | B55: A | C55: BOOBAM DESIGN E ARTE S.A. | D55: BOOBAM | E55: 14.022.697/0001-06 | F55: 0 | G55: =SUM(F55+F56+F57)/3 -> 0
A56: 8.2 | B56: B | C56: INFINITY WAY COMERCIO DE MOVEIS LTDA | D56: WAY DESIGN NOW | E56: 45.902.841/0001-22 | F56: 0
A57: 8.3 | B57: C | C57: GREGORY COMERCIO E MANUTENCAO LTDA | D57: OVOO DESIGN | E57: 51.404.602/0001-45 | F57: 0
A58: TOTAL GERAL SEM BDI | G58: =SUM(G13+G19+G25+G31+G37+G43+G49+G55) -> 509496.68
B60: OURO FINO, 11/08/2026
C63: _____________________________________ | D63: ________________________________
C64: Clóvis Coldibeli | D64: Aline Parizatto Brombrim
C65: Presidente da Câmara | D65: Arquiteta
C66: 25.652.371/0001-89 | D66: SI16391083l00CT001
